 Dungeon Crawl Stone Soup version 0.31-a0-214-gb37851dbb3 (webtiles) character file.

Game seed: 2565461658020996033

396444 qw the Slayer (level 23, -1/162 HPs)
             Began as a Gargoyle Fighter on July 1, 2023.
             Was an Elder of Okawaru.
             Splashed by a caustic shrike's acid (8 damage)
             ... on level 4 of the Depths.
             The game lasted 00:37:23 (52988 turns).

qw the Slayer (Gargoyle Fighter)                   Turns: 52988, Time: 00:37:23

Health: -1/162     AC: 40    Str: 40    XL:     23   Next: 21%
Magic:  27/27      EV: 19    Int: 12    God:    Okawaru [****..]
Gold:   750        SH: 23    Dex:  9    Spells: 22/22 levels left

rFire   + . .        K - +0 broad axe of Okawaru's Delight {freeze, rElec Str+4}
rCold   + . .        h - +0 tower shield {rC+}
rNeg    + . .        p - +11 chain mail of Charmed Miracles {SInv}
rPois   inf          o - +2 helmet
rElec   +            l - +2 cloak
rCorr   .            G - +2 pair of gloves
SInv    +            C - +1 pair of boots of Conscience {rF+ Str+2}
Will    +....        A - amulet of faith Stlth
                     M - +5 ring of evasion
HPRegen 0.47/turn    s - +6 ring of strength
MPRegen 0.20/turn

%: faith
@: about to teleport, heroic, corroded, flying
A: sickness immunity, AC +17, big wings, negative energy resistance 1,
electricity resistance, torment resistance 1, petrification resistance, low MP 1
}: 2/15 runes: serpentine, barnacled
a: Renounce Religion, Heroism, Finesse


You were on level 4 of the Depths.
You worshipped Okawaru.
Okawaru was greatly pleased with you.
You visited 8 branches of the dungeon, and saw 39 of its levels.
You visited the Abyss 3 times.

You collected 4295 gold pieces.
You spent 3545 gold pieces at shops.


Innate Abilities, Weirdness & Mutations

You are immune to sickness and miasma.
Your stone body is resilient. (AC +17)
You are immune to poison.
Your large and strong wings let you fly.
You resist negative energy. (rN+)
You are resistant to electric shocks. (rElec)
You are resistant to unholy torment.
You are immune to petrification.
Your magical capacity is low. (-10% MP)


   Skills:
 - Level 22.0(27) Fighting
 - Level 18.0(23.0) Axes
 - Level 12.1(17.1) Throwing
 + Level 18.5(23.5) Armour
 - Level 7.0(12.0) Dodging
 - Level 21.3(26.3) Shields
 - Level 10.0 Invocations


You had 22 spell levels left.
You didn't know any spells.
Your spell library was empty.

Inventory:

Hand Weapons
 y - a +2 antimagic broad axe
 K - the +0 broad axe of Okawaru's Delight (weapon) {freeze, rElec Str+4}
   (Okawaru gifted it to you on level 2 of the Vaults)

   Str:       It affects your strength (+4).
   rElec:     It insulates you from electricity.
Missiles
 q - 26 boomerangs
 v - a silver boomerang (quivered)
Armour
 b - the +0 tower shield of Quluteix {rCorr Dex-3 SInv}
   (You bought it in a shop on level 1 of the Depths)

   Dex:       It affects your dexterity (-3).
   SInv:      It lets you see invisible.
   rCorr:     It protects you from acid and corrosion.
 h - a +0 tower shield of cold resistance (worn)
 l - a +2 cloak (worn)
 o - a +2 helmet (worn)
 p - the +11 chain mail of Charmed Miracles (worn) {SInv}
   (You found it on level 4 of the Dungeon)

   SInv:      It lets you see invisible.
 t - the +2 chain mail of Axzoihak {Fly rCorr Dex+2 Slay-5}
   (You bought it in a shop on level 1 of the Depths)

   Dex:       It affects your dexterity (+2).
   Slay:      It affects your accuracy & damage with ranged weapons and melee
   (-5).
   Fly:       It grants you flight.
   rCorr:     It protects you from acid and corrosion.
 w - +0 ice dragon scales
 C - the +1 pair of boots of Conscience (worn) {rF+ Str+2}
   (Okawaru gifted it to you on level 15 of the Dungeon)

   Str:       It affects your strength (+2).
   rF:        It protects you from fire.
 D - a +2 tower shield
 G - a +2 pair of gloves (worn)
 H - the +2 ring mail of Parts Unknown {rCorr SInv}
   (You found it on level 3 of the Depths)

   SInv:      It lets you see invisible.
   rCorr:     It protects you from acid and corrosion.
Jewellery
 c - an amulet of reflection
 i - a ring of fire
 s - a +6 ring of strength (right hand)
 u - a ring of protection from cold
 A - an amulet of faith (around neck)
 I - a ring of protection from cold
 M - a +5 ring of evasion (left hand)
Wands
 B - a wand of digging (22)
Scrolls
 a - 11 scrolls of teleportation
 e - 16 scrolls of identify
 J - 3 scrolls of enchant armour
 L - a scroll of enchant weapon
Potions
 d - 5 potions of might
 f - 15 potions of curing
 g - 4 potions of lignification
 j - 10 potions of haste
 k - 4 potions of resistance
 m - 2 potions of cancellation
 n - 8 potions of attraction
 r - 6 potions of enlightenment
 x - 6 potions of mutation
 E - 2 potions of magic

Dungeon Overview and Level Annotations

Branches:
Dungeon (15/15)            Temple (1/1) D:7            Lair (5/5) D:9
 Shoals (4/4) Lair:2        Snake (4/4) Lair:2        Slime (0/5) Lair:5
    Orc (2/2) D:10            Elf (0/3) Orc:2        Vaults (4/5) D:14
  Crypt (0/3) Vaults:2     Depths (4/4) D:15
    Zot: Depths:4

Altars:
Ashenzari
Cheibriados
Dithmenos
Elyvilon
Fedhas
Gozag
Hepliaklqana
Kikubaaqudgha
Makhleb
Nemelex Xobeh
Okawaru
Qazlal
Ru
Sif Muna
Trog
Uskayaw
Vehumet
Wu Jian
Xom
Yredelemnul
Zin
The Shining One
Jiyva
Lugonu

Shops:
D:8 ([=[(   D:11 (   Orc:2 ([?   Shoals:3 (   Snake:4 (   Vaults:3 ?*
Depths:1 :?*(   Depths:2 *((   Depths:4 (

Portals:
Hell: Depths:1 Depths:2 Depths:3 Depths:4
Abyss: Shoals:3 Depths:3
Pandemonium: Depths:1 Depths:2
Ziggurat: Depths:1
Trove: Vaults:1 (show abyssal rune of Zot)

Annotations:
Lair:2 2 transporters, Rupert; qw's ghost, journeyman NaHu
Shoals:3 1 runed translucent door
Snake:3 1 runed translucent door, littlecub's ghost, journeyman DsGl
Depths:3 exclusion: orange crystal statue


Message History

The vampire knight blinks!
The tengu warrior closely misses you. You block the caustic shrike's attack.
The caustic shrike claws you but does no damage.
The caustic shrike misses you.
The caustic shrike claws you but does no damage.
You hit the caustic shrike but do no damage.
The caustic shrike is severely wounded.
You hit the caustic shrike. You freeze the caustic shrike.
You completely miss the caustic shrike.
You hit the vampire knight but do no damage.
You hit the caustic shrike.
You block the caustic shrike's attack. x2; The caustic shrike claws you.
The acid corrodes you!
You are splashed with acid!
The caustic shrike completely misses you.
The vampire knight hits you but does no damage.
The vampire knight misses you.
You slash the caustic shrike! You freeze the caustic shrike.
The caustic shrike is almost dead.
You hit the caustic shrike but do no damage.
You closely miss the vampire knight. You slash the caustic shrike!
You freeze the caustic shrike.
You hit the caustic shrike but do no damage.
The caustic shrike claws you!
You are splashed with acid!
You block the caustic shrike's attack. x2
The caustic shrike claws you but does no damage.
The tengu warrior hits you from afar with a +3 halberd.
You miss the caustic shrike.
The caustic shrike is almost dead.
You slash the vampire knight! You freeze the vampire knight.
You closely miss the caustic shrike.
You hit the caustic shrike but do no damage.
You hit the caustic shrike. You block the caustic shrike's attack.
The caustic shrike claws you but does no damage.
You block the caustic shrike's attack.
The caustic shrike claws you but does no damage.
You block the vampire knight's attack.
The vampire knight completely misses you.
The caustic shrike claws you.
You are splashed with acid!
You die...

.. #... #..##. ..##...
#.... #........#...
#.......##..# .
#.......##..# ...
#.........Q.##.... ####.#
#........bbb...... #.....#
#.......%b@%...... ......#
#......^..V....... ......#
#.......##..#########.....#
#.......##'###.....##.C...#
#...........#......##.....#
#...........#.............#
#...........#.............#
#...........#......##.....#
#..##...##..'...<..##.....#


You could see 4 caustic shrikes, a vampire knight and a tengu warrior.

Vanquished Creatures
  A juggernaut (Depths:3)
  Bai Suzhen (Shoals:3)
  Vashnia (Snake:4)
  A caustic shrike (Depths:4)
  2 golden dragons (Depths:2)
  A walking crystal tome (Depths:3)
  A lich (Abyss:3)
  Zenata (Vaults:1)
  2 titans
  Asterion (Vaults:1)
  A walking divine tome (Depths:3)
  3 tentacled starspawn
  An ancient champion (Vaults:2)
  A kraken (Shoals:3)
  Polyphemus (Shoals:3)
  2 shadow dragons
  3 tengu reavers
  7 sphinxes
  3 nagarajas (Snake:4)
  Ilsuiw (Shoals:3)
  9 frost giants
  3 fire giants
  Louise (Shoals:2)
  3 iron dragons
  8 vault wardens
  An angel (Abyss:3)
  Aizul (Snake:4)
  2 cacodemons
  An orc warlord (Vaults:3)
  5 ironbound thunderhulks
  12 stone giants
  4 formless jellyfish
  13 very ugly things
  23 ironbound preservers
  A deep elf demonologist (Abyss:4)
  2 minotaurs (Shoals:4)
  2 vampire knights (Depths:3)
  22 dire elephants
  A blizzard demon (Abyss:3)
  9 spark wasps
  3 ettins
  An ettin (shapeshifter) (Depths:3)
  3 merfolk impalers
  An entropy weaver (Vaults:4)
  4 merfolk javelineers
  11 yaktaur captains
  9 fire dragons
  7 great orbs of eyes
  A spriggan zombie (Depths:2)
  13 vault guards
  3 salamander tyrants (Snake:4)
  2 rakshasas
  4 hydras
  An ogre mage (D:15)
  5 ice dragons
  Erolcha (Orc:2)
  An alligator snapping turtle (Shoals:4)
  A peacekeeper (Vaults:2)
  A spriggan air mage (Depths:4)
  6 anacondas
  5 boulder beetles
  11 ironbound frosthearts
  6 catoblepae
  9 centaur warriors
  2 merfolk avatars (Shoals:3)
  9 naga warriors
  2 merfolk aquamancers
  8 two-headed ogres
  2 deep troll earth magi
  2 vampire magi
  3 tengu warriors
  11 satyrs
  5 orc high priests (Orc:2)
  10 death yaks
  2 deep troll shamans
  17 naga sharpshooters
  A demonic crawler (Abyss:4)
  6 thrashing horrors
  8 shock serpents
  5 spriggan berserkers
  A sun demon (Depths:2)
  7 hell knights
  A soul eater (Depths:2)
  5 wretched stars
  A spatial maelstrom (Abyss:3)
  2 salamander mystics (Snake:4)
  2 skysharks
  6 iron trolls
  2 sixfirhies (Abyss:3)
  11 skeletal warriors
  5 glowing orange brains
  A shadow demon (Abyss:3)
  A flayed ghost (Depths:2)
  6 sea snakes
  4 naga ritualists
  19 ironbound convokers
  66 deep trolls
  51 slime creatures
  A sphinx zombie (Vaults:2)
  13 orc knights
  6 deep elf pyromancers
  12 harpies
  12 wizards
  2 lindwurms (Vaults:1)
  5 mana vipers
  A deep elf zephyrmancer (D:15)
  9 large abominations
  4 necromancers
  2 orc sorcerers
  20 manticores
  3 worldbinders
  2 oklob plants (Lair:2)
  9 salamanders
  46 ugly things
  16 fauns
  44 elephants
  A moth of wrath (shapeshifter) (Depths:3)
  12 cyclopes
  7 merfolk sirens
  A guardian serpent (Snake:3)
  13 naga magi
  4 apocalypse crabs
  11 water nymphs
  25 black mambas
  13 vault sentinels
  A gargoyle (D:12)
  An orange demon (Depths:2)
  A torpor snail (Lair:5)
  4 smoke demons
  An unseen horror zombie (D:8)
  3 rime drakes
  3 kobold demonologists
  8 cane toads
  2 unseen horrors (D:10)
  A golden dragon simulacrum (Depths:2)
  3 tengu conjurers
  15 yaktaurs
  A freezing wraith (D:14)
  10 komodo dragons
  3 efreet
  3 ancient zymes
  4 ice devils
  20 merfolk
  A red devil (Depths:2)
  A merfolk (shapeshifter) (Depths:3)
  9 trolls
  4 harpy zombies (Shoals:2)
  6 wind drakes
  3 blink frogs (Lair:5)
  4 hornets
  A hellwing (Depths:2)
  4 raiju (Abyss:4)
  12 snapping turtles
  2 human skeletons
  6 dream sheep
  5 shadows
  A culicivora (shapeshifter) (Depths:2)
  5 small abominations
  6 wraiths
  A vampire (D:12)
  20 water elementals
  5 basilisks
  3 ynoxinuls
  2 wyverns
  65 yaks
  4 neqoxecs
  2 steam dragons
  A chaos spawn (Depths:2)
  8 vampire mosquitoes
  Grum (D:10)
  2 redbacks (Vaults:4)
  A yaktaur simulacrum (Vaults:2)
  A harpy simulacrum (Abyss:3)
  5 wargs
  2 spatial vortices (Abyss:3)
  An ogre zombie (Vaults:2)
  6 acid dragons
  53 nagas
  12 water moccasins
  A black bear (D:7)
  A meliai simulacrum (D:15)
  2 ice beasts
  4 sky beasts
  23 orc warriors
  2 manticore zombies (Shoals:2)
  15 centaurs
  9 ogres
  24 wolves
  5 boggarts (Vaults:2)
  2 phantoms (D:5)
  3 kobold brigands
  Blork the orc (D:6)
  22 bullfrogs
  4 scorpions
  3 gnoll sergeants
  3 wights (D:8)
  5 killer bees (D:9)
  4 howler monkeys
  8 electric eels
  A centaur zombie (D:8)
  2 quasits
  4 hounds
  2 jellies
  32 orc priests
  2 iguanas
  2 gnoll boudas
  21 orc wizards
  10 gnolls
  9 adders
  3 shadow imps
  2 white imps
  4 worms
  2 dart slugs
  68 orcs
  6 endoplasms
  4 giant cockroaches
  8 hobgoblins
  5 jackals
  2 quokkas
  9 ball pythons
  5 bats
  4 frilled lizards
  7 goblins
  17 kobolds
  5 rats
  2 spectral weapons
  5 starspawn tentacles
  4 tentacles (Shoals:3)
1582 creatures vanquished.

Vanquished Creatures (others)
  A naga warrior (Snake:3)
  A guardian serpent (Snake:2)
  An unseen horror (D:12)
  A merfolk (Shoals:4)
  A ball python (D:6)
  3 starspawn tentacles
  4 tentacles (Shoals:3)
12 creatures vanquished.

Grand Total: 1594 creatures vanquished

Notes
Turn   | Place    | Note
-------+----------+-------------------------------------------
     0 | D:1      | qw the Gargoyle Fighter began the quest for the Orb.
     0 | D:1      | Reached XP level 1. HP: 14/14 MP: 1/1
     0 | D:1      | 0 ||| qw: Version: 0.3-a-32-g5962c71
     0 | D:1      | 0 ||| qw: Game counter: 7462
     0 | D:1      | 0 ||| qw: Melee chars always use a shield: true
     0 | D:1      | 0 ||| qw: God list: Okawaru
     0 | D:1      | 0 ||| qw: Allow faded altars: false
     0 | D:1      | 0 ||| qw: Do Orc after clearing Dungeon:15 true
     0 | D:1      | 0 ||| qw: Do second Lair branch before Depths: true
     0 | D:1      | 0 ||| qw: Lair rune preference: random
     0 | D:1      | 0 ||| qw: Goals: Normal, Zot:1-4, Slime:5, God:TSO, Crypt,
                  | Tomb, Abyss, Pan, Hells, Win
     0 | D:1      | 0 ||| PLANNING D:1-11
    92 | D:1      | 92 ||| Stepping ~*~*~tactically~*~*~ (hiding).
    93 | D:1      | 93 ||| Stepping ~*~*~tactically~*~*~ (hiding).
   100 | D:1      | Reached XP level 2. HP: 19/19 MP: 2/2
   206 | D:1      | 206 ||| DROPPING +0 whip.
   381 | D:1      | 381 ||| Stepping ~*~*~tactically~*~*~ (hiding).
   628 | D:1      | 628 ||| DROPPING amulet of magic regeneration.
   629 | D:1      | 629 ||| READING 3 scrolls labelled ISENUS IDODGH.
   633 | D:1      | 633 ||| READING scroll labelled SORODW GOIRGH.
   634 | D:1      | 634 ||| READING scroll labelled EGIMEC FYIX.
   732 | D:2      | Identified the +1 robe of Pathos {Dex+2 Slay+2}
   775 | D:2      | Reached skill level 3 in Axes
   790 | D:2      | Reached XP level 3. HP: 21/23 MP: 3/3
  1030 | D:2      | Reached XP level 4. HP: 26/28 MP: 4/4
  1284 | D:2      | 1284 ||| UPGRADING to +0 chain mail.
  1294 | D:2      | 1294 ||| DROPPING +0 scale mail.
  1295 | D:2      | 1295 ||| UPGRADING to +0 plate armour.
  1305 | D:2      | 1305 ||| DROPPING +0 chain mail.
  1306 | D:2      | 1306 ||| UPGRADING to +0 pair of boots.
  1311 | D:2      | 1311 ||| READING scroll labelled ZATTIK FUPTE.
  1312 | D:2      | 1312 ||| READING scroll labelled OGESUAMAGI.
  1313 | D:2      | 1313 ||| READING scroll labelled HUIJ QEIMAXAIPT.
  1480 | D:3      | 1480 ||| Stepping ~*~*~tactically~*~*~ (stealth).
  1486 | D:3      | 1486 ||| Stepping ~*~*~tactically~*~*~ (stealth).
  1542 | D:3      | 1542 ||| Stepping ~*~*~tactically~*~*~ (stealth).
  1683 | D:3      | 1683 ||| Stepping ~*~*~tactically~*~*~ (hiding).
  1684 | D:3      | 1684 ||| FLEEEEING.
  1685 | D:3      | 1685 ||| FLEEEEING.
  1686 | D:3      | 1686 ||| FLEEEEING.
  1687 | D:3      | 1687 ||| FLEEEEING.
  1688 | D:3      | 1688 ||| FLEEEEING.
  1689 | D:3      | 1689 ||| FLEEEEING.
  1698 | D:3      | Reached XP level 5. HP: 31/32 MP: 5/5
  1703 | D:3      | 1703 ||| FLEEEEING.
  2031 | D:3      | 2031 ||| READING 3 scrolls labelled URHAEVIAKK.
  2032 | D:3      | 2032 ||| DRINKING 2 fizzy sapphire potions.
  2033 | D:3      | 2033 ||| READING 2 scrolls of identify.
  2033 | D:3      | 2033 ||| IDENTIFYING viscous puce potion
  2109 | D:4      | Reached skill level 4 in Fighting
  2109 | D:4      | Reached XP level 6. HP: 34/39 MP: 6/6
  2156 | D:4      | Identified the +11 chain mail of Charmed Miracles {SInv}
  2160 | D:4      | 2160 ||| Stepping ~*~*~tactically~*~*~ (stealth).
  2164 | D:4      | 2164 ||| Stepping ~*~*~tactically~*~*~ (hiding).
  2196 | D:4      | 2196 ||| Stepping ~*~*~tactically~*~*~ (stealth).
  2262 | D:4      | 2262 ||| Stepping ~*~*~tactically~*~*~ (hiding).
  2271 | D:4      | Paralysed by a hobgoblin for 2 turns
  2301 | D:4      | 2301 ||| DROPPING +0 mace.
  2303 | D:4      | 2303 ||| Stepping ~*~*~tactically~*~*~ (stealth).
  2320 | D:4      | 2320 ||| Stepping ~*~*~tactically~*~*~ (stealth).
  2322 | D:4      | 2322 ||| Stepping ~*~*~tactically~*~*~ (stealth).
  2333 | D:4      | Reached skill level 6 in Axes
  2333 | D:4      | Reached XP level 7. HP: 34/44 MP: 7/7
  2344 | D:4      | 2344 ||| FLEEEEING.
  2368 | D:4      | 2368 ||| Stepping ~*~*~tactically~*~*~ (stealth).
  2416 | D:4      | 2416 ||| Stepping ~*~*~tactically~*~*~ (stealth).
  2420 | D:4      | 2420 ||| Stepping ~*~*~tactically~*~*~ (stealth).
  2883 | D:4      | 2883 ||| UPGRADING to +2 helmet.
  2888 | D:4      | 2888 ||| UPGRADING to +11 chain mail of Charmed Miracles
                  | {SInv}.
  2898 | D:4      | 2898 ||| DROPPING +0 plate armour.
  2936 | D:5      | Entered Level 5 of the Dungeon
  3054 | D:5      | Reached skill level 1 in Dodging
  3211 | D:5      | 3211 ||| Stepping ~*~*~tactically~*~*~ (stealth).
  3212 | D:5      | 3212 ||| Stepping ~*~*~tactically~*~*~ (stealth).
  3213 | D:5      | 3213 ||| Stepping ~*~*~tactically~*~*~ (stealth).
  3234 | D:5      | Reached skill level 5 in Fighting
  3239 | D:5      | Reached skill level 1 in Throwing
  3239 | D:5      | Reached XP level 8. HP: 48/49 MP: 8/8
  3239 | D:5      | 3239 ||| FLEEEEING.
  3246 | D:5      | 3246 ||| DRINKING 3 ruby potions.
  3247 | D:5      | 3247 ||| READING 2 scrolls of identify.
  3247 | D:5      | 3247 ||| IDENTIFYING murky inky potion
  3567 | D:5      | Found a white marble altar of Elyvilon.
  3833 | D:5      | 3833 ||| UPGRADING to +6 ring of dexterity.
  3834 | D:5      | 3834 ||| READING scroll labelled PYIFOU NONEBB.
  4058 | D:6      | 4058 ||| Stepping ~*~*~tactically~*~*~ (hiding).
  4073 | D:6      | HP: 12/49 [steam dragon (8)]
  4074 | D:6      | 4074 ||| READING 4 scrolls of teleportation.
  4075 | D:6      | 4075 ||| DRINKING 4 potions of heal wounds.
  4131 | D:6      | 4131 ||| DROPPING +0 flail.
  4204 | D:6      | 4204 ||| Stepping ~*~*~tactically~*~*~ (hiding).
  4205 | D:6      | 4205 ||| Stepping ~*~*~tactically~*~*~ (hiding).
  4584 | D:6      | Reached skill level 6 in Fighting
  4584 | D:6      | 4584 ||| Stepping ~*~*~tactically~*~*~ (cloud).
  4585 | D:6      | 4585 ||| UPGRADING to +6 ring of strength.
  4639 | D:6      | 4639 ||| UPGRADING to ring of willpower.
  4641 | D:6      | 4641 ||| READING 2 scrolls of identify.
  4641 | D:6      | 4641 ||| IDENTIFYING fuming blue potion
  4659 | D:6      | Found a shimmering altar of Xom.
  4916 | D:6      | Noticed Blork the orc
  4917 | D:6      | 4917 ||| FLEEEEING.
  4930 | D:6      | 4930 ||| FLEEEEING.
  4933 | D:6      | 4933 ||| FLEEEEING.
  4934 | D:6      | 4934 ||| FLEEEEING.
  4935 | D:6      | 4935 ||| FLEEEEING.
  4936 | D:6      | 4936 ||| FLEEEEING.
  4937 | D:6      | 4937 ||| FLEEEEING.
  4938 | D:6      | 4938 ||| FLEEEEING.
  4939 | D:6      | 4939 ||| FLEEEEING.
  4959 | D:6      | 4959 ||| FLEEEEING.
  4963 | D:6      | Killed Blork the orc
  4964 | D:6      | Reached XP level 9. HP: 55/55 MP: 9/9
  5054 | D:6      | Reached skill level 9 in Axes
  5297 | D:7      | Identified the +4 rapier "Peemesto" {drain, MP+9 Dex+4}
  5443 | D:7      | Found a staircase to the Ecumenical Temple.
  5444 | D:7      | 5444 ||| PLANNING TEMPLE
  5452 | Temple   | Entered the Ecumenical Temple
  5566 | Temple   | 5566 ||| PLANNING D:1-11
  5637 | D:7      | 5637 ||| Stepping ~*~*~tactically~*~*~ (stealth).
  5638 | D:7      | 5638 ||| Stepping ~*~*~tactically~*~*~ (stealth).
  5639 | D:7      | 5639 ||| Stepping ~*~*~tactically~*~*~ (stealth).
  5649 | D:7      | 5649 ||| Stepping ~*~*~tactically~*~*~ (stealth).
  5651 | D:7      | 5651 ||| Stepping ~*~*~tactically~*~*~ (stealth).
  6031 | D:7      | Reached skill level 7 in Fighting
  6112 | D:7      | Found a blossoming altar of Fedhas.
  6121 | D:7      | 6121 ||| UPGRADING to +0 cloak.
  6126 | D:7      | 6126 ||| READING scroll labelled NOUKHL LAUMON.
  6127 | D:7      | 6127 ||| DRINKING 2 amethyst potions.
  6166 | D:8      | Found Idghingyu's Weapon Shop.
  6169 | D:8      | 6169 ||| Stepping ~*~*~tactically~*~*~ (hiding).
  6285 | D:8      | 6285 ||| BUYING +0 morningstar of protection (81 gold).
  6285 | D:8      | Bought a +0 morningstar of protection for 81 gold pieces
  6285 | D:8      | 6285 ||| DROPPING +2 flail of protection.
  6340 | D:8      | Found Sucloiw's Armour Shoppe.
  6356 | D:8      | 6356 ||| BUYING +0 tower shield (63 gold).
  6356 | D:8      | Bought a +0 tower shield for 63 gold pieces
  6363 | D:8      | Found Quteg's Jewellery Boutique.
  6393 | D:8      | 6393 ||| SHOPLISTING +5 ring of evasion (432 gold, have
                  | 214).
  6393 | D:8      | 6393 ||| SHOPLISTING amulet of faith (480 gold, have 214).
  6393 | D:8      | 6393 ||| SHOPLISTING amulet of the acrobat (360 gold, have
                  | 214).
  6393 | D:8      | 6393 ||| SHOPLISTING ring of fire (300 gold, have 214).
  6393 | D:8      | 6393 ||| SHOPLISTING ring of resist corrosion (240 gold,
                  | have 214).
  6393 | D:8      | 6393 ||| BUYING ring of see invisible (180 gold).
  6393 | D:8      | Bought a ring of see invisible for 180 gold pieces
  6424 | D:8      | 6424 ||| Stepping ~*~*~tactically~*~*~ (hiding).
  6428 | D:8      | 6428 ||| Stepping ~*~*~tactically~*~*~ (hiding).
  6429 | D:8      | 6429 ||| Stepping ~*~*~tactically~*~*~ (hiding).
  6449 | D:8      | 6449 ||| Stepping ~*~*~tactically~*~*~ (stealth).
  6613 | D:8      | 6613 ||| Stepping ~*~*~tactically~*~*~ (stealth).
  6615 | D:8      | 6615 ||| Stepping ~*~*~tactically~*~*~ (stealth).
  6617 | D:8      | 6617 ||| Stepping ~*~*~tactically~*~*~ (stealth).
  6639 | D:8      | Reached skill level 8 in Fighting
  6639 | D:8      | Reached XP level 10. HP: 63/64 MP: 10/10
  6977 | D:8      | 6977 ||| Stepping ~*~*~tactically~*~*~ (stealth).
  6986 | D:8      | Reached skill level 6 in Armour
  7150 | D:8      | Found Ahuenaps's Armour Shop.
  7156 | D:8      | 7156 ||| SHOPLISTING +1 helmet of see invisible (198 gold,
                  | have 89).
  7156 | D:8      | 7156 ||| SHOPLISTING +1 pair of gloves (138 gold, have 89).
  7158 | D:8      | Found Qofroqev's Weapon Boutique.
  7333 | D:8      | Noticed a two-headed ogre
  7346 | D:8      | Killed a two-headed ogre
  7373 | D:8      | 7373 ||| FLEEEEING.
  7374 | D:8      | 7374 ||| FLEEEEING.
  7382 | D:8      | 7382 ||| FLEEEEING.
  7383 | D:8      | 7383 ||| FLEEEEING.
  7384 | D:8      | 7384 ||| FLEEEEING.
  7385 | D:8      | 7385 ||| FLEEEEING.
  7389 | D:8      | 7389 ||| FLEEEEING.
  7390 | D:8      | 7390 ||| FLEEEEING.
  7393 | D:8      | 7393 ||| FLEEEEING.
  7394 | D:8      | 7394 ||| FLEEEEING.
  7395 | D:8      | 7395 ||| FLEEEEING.
  7396 | D:8      | 7396 ||| FLEEEEING.
  7397 | D:8      | 7397 ||| FLEEEEING.
  7398 | D:8      | 7398 ||| FLEEEEING.
  7399 | D:8      | 7399 ||| FLEEEEING.
  7408 | D:8      | 7408 ||| STAIRDANCE
  7499 | D:7      | 7499 ||| UPGRADING to +0 tower shield.
  7509 | D:7      | 7509 ||| DROPPING +0 buckler.
  7510 | D:7      | 7510 ||| DRINKING 2 grey potions.
  7513 | D:8      | 7513 ||| Stepping ~*~*~tactically~*~*~ (hiding).
  7515 | D:8      | 7515 ||| Stepping ~*~*~tactically~*~*~ (hiding).
  7517 | D:8      | 7517 ||| Stepping ~*~*~tactically~*~*~ (hiding).
  7518 | D:8      | 7518 ||| Stepping ~*~*~tactically~*~*~ (hiding).
  7520 | D:8      | 7520 ||| Stepping ~*~*~tactically~*~*~ (hiding).
  7664 | D:8      | Reached skill level 6 in Shields
  7679 | D:8      | Found a basalt altar of Yredelemnul.
  7736 | D:8      | 7736 ||| READING scroll labelled BATUMENOSU.
  7793 | D:9      | 7793 ||| Stepping ~*~*~tactically~*~*~ (stealth).
  7818 | D:9      | 7818 ||| Stepping ~*~*~tactically~*~*~ (stealth).
  7819 | D:9      | 7819 ||| Stepping ~*~*~tactically~*~*~ (stealth).
  7824 | D:9      | 7824 ||| Stepping ~*~*~tactically~*~*~ (stealth).
  7826 | D:9      | 7826 ||| Stepping ~*~*~tactically~*~*~ (stealth).
  7874 | D:9      | Noticed a kobold demonologist
  7879 | D:9      | 7879 ||| Stepping ~*~*~tactically~*~*~ (hiding).
  7895 | D:9      | Killed a kobold demonologist
  7929 | D:9      | 7929 ||| Stepping ~*~*~tactically~*~*~ (hiding).
  8211 | D:9      | 8211 ||| Stepping ~*~*~tactically~*~*~ (stealth).
  8300 | D:9      | 8300 ||| Stepping ~*~*~tactically~*~*~ (stealth).
  8310 | D:9      | Reached XP level 11. HP: 68/68 MP: 11/11
  8325 | D:9      | Reached skill level 9 in Shields
  8534 | D:9      | Found a staircase to the Lair.
  8661 | D:9      | Found an opulent altar of Gozag.
  8858 | D:10     | Entered Level 10 of the Dungeon
  8891 | D:10     | Noticed Grum
  8892 | D:10     | 8892 ||| Stepping ~*~*~tactically~*~*~ (hiding).
  8947 | D:10     | Killed Grum
  9000 | D:10     | 9000 ||| FLEEEEING.
  9001 | D:10     | 9001 ||| FLEEEEING.
  9002 | D:10     | 9002 ||| FLEEEEING.
  9003 | D:10     | 9003 ||| FLEEEEING.
  9005 | D:10     | 9005 ||| STAIRDANCE
  9260 | D:10     | Found a staircase to the Orcish Mines.
  9430 | D:10     | 9430 ||| Stepping ~*~*~tactically~*~*~ (hiding).
  9450 | D:10     | 9450 ||| FLEEEEING.
  9451 | D:10     | 9451 ||| FLEEEEING.
  9453 | D:10     | 9453 ||| FLEEEEING.
  9454 | D:10     | 9454 ||| FLEEEEING.
  9492 | D:10     | 9492 ||| Stepping ~*~*~tactically~*~*~ (hiding).
  9660 | D:10     | Found a burning altar of Makhleb.
  9662 | D:10     | Found a sparkling altar of Nemelex Xobeh.
  9666 | D:10     | Found an iron altar of Okawaru.
  9667 | D:10     | 9667 ||| PLANNING OKAWARU WORSHIP
  9667 | D:10     | 9667 ||| UPGRADING to +0 pair of gloves.
  9672 | D:10     | 9672 ||| READING scroll labelled RAMPUEPTIS.
  9677 | D:10     | Became a worshipper of Warmaster Okawaru
  9678 | D:10     | 9678 ||| PLANNING D:1-11
  9811 | D:10     | 9811 ||| PLANNING LAIR
  9852 | Lair:1   | Entered Level 1 of the Lair of Beasts
 10265 | Lair:1   | Reached * piety under Okawaru
 10276 | Lair:1   | Reached skill level 1 in Invocations
 10507 | Lair:1   | 10507 ||| Stepping ~*~*~tactically~*~*~ (hiding).
 10747 | Lair:1   | 10747 ||| UPGRADING to amulet of faith.
 10752 | Lair:1   | 10752 ||| DRINKING 2 viscous dark potions.
 10778 | Lair:2   | Found a transporter.
 10814 | Lair:2   | Reached skill level 12 in Shields
 10824 | Lair:2   | 10824 ||| INVOKING Heroism.
 10835 | Lair:2   | Reached skill level 3 in Invocations
 10942 | Lair:2   | 10942 ||| INVOKING Heroism.
 10954 | Lair:2   | Noticed a seven-headed hydra
 10955 | Lair:2   | 10955 ||| Stepping ~*~*~tactically~*~*~ (stealth).
 10977 | Lair:2   | Noticed a harpy
 10978 | Lair:2   | 10978 ||| INVOKING Heroism.
 10978 | Lair:2   | Noticed a harpy
 10978 | Lair:2   | Noticed a harpy
 10995 | Lair:2   | Killed a harpy
 10999 | Lair:2   | Killed a harpy
 10999 | Lair:2   | Reached ** piety under Okawaru
 11001 | Lair:2   | Found a staircase to the Shoals.
 11003 | Lair:2   | 11003 ||| INVOKING Heroism.
 11006 | Lair:2   | Killed a harpy
 11007 | Lair:2   | Reached XP level 12. HP: 53/74 MP: 11/15
 11081 | Lair:2   | 11081 ||| INVOKING Heroism.
 11187 | Lair:2   | Found a blossoming altar of Fedhas.
 11190 | Lair:2   | 11190 ||| INVOKING Heroism.
 11200 | Lair:2   | HP: 15/74 [oklob plant/splash of acid (17)]
 11201 | Lair:2   | 11201 ||| READING 9 scrolls of teleportation.
 11202 | Lair:2   | 11202 ||| DRINKING 7 potions of heal wounds.
 11204 | Lair:2   | 11204 ||| DRINKING 6 potions of heal wounds.
 11205 | Lair:2   | Found a transporter.
 11331 | Lair:2   | Noticed qw's ghost (journeyman NaHu)
 11363 | Lair:2   | Found a bloodstained altar of Trog.
 11422 | Lair:2   | 11422 ||| Stepping ~*~*~tactically~*~*~ (stealth).
 11428 | Lair:2   | 11428 ||| INVOKING Heroism.
 11434 | Lair:2   | 11434 ||| SWAPPING to +0 morningstar of protection.
 11443 | Lair:2   | Killed a seven-headed hydra
 11444 | Lair:2   | 11444 ||| SWAPPING to +0 war axe of protection.
 11449 | Lair:2   | Reached *** piety under Okawaru
 11482 | Lair:2   | Found a staircase to the Snake Pit.
 11527 | Lair:2   | Noticed a skyshark
 11551 | Lair:2   | 11551 ||| INVOKING Heroism.
 11557 | Lair:2   | Killed a skyshark
 11612 | Lair:2   | 11612 ||| FLEEEEING.
 11613 | Lair:2   | 11613 ||| FLEEEEING.
 11614 | Lair:2   | 11614 ||| FLEEEEING.
 11685 | Lair:2   | Reached skill level 9 in Fighting
 11689 | Lair:2   | 11689 ||| INVOKING Heroism.
 11694 | Lair:2   | Reached **** piety under Okawaru
 11948 | Lair:2   | 11948 ||| INVOKING Heroism.
 12407 | Lair:2   | 12407 ||| UPGRADING to +1 pair of gloves.
 12417 | Lair:2   | 12417 ||| DROPPING +0 pair of gloves.
 12418 | Lair:2   | 12418 ||| READING 2 scrolls labelled ECEADOSTYER.
 12419 | Lair:2   | 12419 ||| READING scroll of enchant weapon.
 12419 | Lair:2   | 12419 ||| ENCHANTING +1 war axe of protection.
 12420 | Lair:2   | 12420 ||| DROPPING +2 war axe.
 12421 | Lair:2   | 12421 ||| DRINKING 2 green potions.
 12422 | Lair:2   | 12422 ||| DROPPING potion of degeneration.
 12450 | Lair:3   | Noticed Rupert
 12451 | Lair:3   | 12451 ||| INVOKING Heroism.
 12456 | Lair:3   | 12456 ||| STAIRDANCE
 12462 | Lair:2   | HP: 19/76 [black mamba (6)]
 12463 | Lair:2   | 12463 ||| READING 8 scrolls of teleportation.
 12463 | Lair:2   | HP: 9/76 [Rupert/+3 executioner's axe of electrocution
                  | (10)]
 12464 | Lair:2   | 12464 ||| DRINKING 5 potions of heal wounds.
 12465 | Lair:2   | 12465 ||| DRINKING 4 potions of heal wounds.
 12647 | Lair:3   | 12647 ||| INVOKING Heroism.
 12673 | Lair:3   | 12673 ||| Stepping ~*~*~tactically~*~*~ (stealth).
 12690 | Lair:3   | 12690 ||| INVOKING Heroism.
 12706 | Lair:3   | Reached skill level 6 in Invocations
 12782 | Lair:3   | 12782 ||| Stepping ~*~*~tactically~*~*~ (stealth).
 12783 | Lair:3   | 12783 ||| Stepping ~*~*~tactically~*~*~ (stealth).
 12784 | Lair:3   | 12784 ||| INVOKING Heroism.
 12792 | Lair:3   | 12792 ||| Stepping ~*~*~tactically~*~*~ (cloud).
 13067 | Lair:3   | 13067 ||| INVOKING Heroism.
 13127 | Lair:3   | Reached XP level 13. HP: 80/80 MP: 18/18
 13132 | Lair:3   | 13132 ||| INVOKING Heroism.
 13139 | Lair:3   | Reached ***** piety under Okawaru
 13140 | Lair:3   | Reached skill level 12 in Axes
 13241 | Lair:3   | 13241 ||| READING scroll of enchant weapon.
 13241 | Lair:3   | 13241 ||| ENCHANTING +2 war axe of protection.
 13510 | Lair:3   | 13510 ||| DROPPING ring of wizardry.
 13511 | Lair:3   | 13511 ||| READING 2 scrolls of identify.
 13511 | Lair:3   | 13511 ||| IDENTIFYING fizzy white potion
 13531 | Lair:4   | 13531 ||| Stepping ~*~*~tactically~*~*~ (stealth).
 13532 | Lair:4   | 13532 ||| Stepping ~*~*~tactically~*~*~ (stealth).
 13832 | Lair:4   | 13832 ||| READING scroll of enchant weapon.
 13832 | Lair:4   | 13832 ||| ENCHANTING +3 war axe of protection.
 14025 | Lair:4   | 14025 ||| INVOKING Heroism.
 14037 | Lair:4   | Reached skill level 9 in Invocations
 14038 | Lair:4   | Reached ****** piety under Okawaru
 14299 | Lair:4   | 14299 ||| Stepping ~*~*~tactically~*~*~ (hiding).
 14300 | Lair:4   | 14300 ||| INVOKING Heroism.
 14301 | Lair:4   | 14301 ||| INVOKING Finesse.
 14795 | Lair:4   | 14795 ||| UPGRADING to ring of protection from cold.
 14804 | Lair:5   | Entered Level 5 of the Lair of Beasts
 14807 | Lair:5   | 14807 ||| STAIRDANCE
 14810 | Lair:4   | 14810 ||| INVOKING Heroism.
 14817 | Lair:4   | Received a gift from Okawaru
 14949 | Lair:5   | 14949 ||| STAIRDANCE
 14960 | Lair:4   | 14960 ||| INVOKING Heroism.
 15079 | Lair:5   | 15079 ||| Stepping ~*~*~tactically~*~*~ (stealth).
 15080 | Lair:5   | 15080 ||| Stepping ~*~*~tactically~*~*~ (stealth).
 15100 | Lair:5   | Reached skill level 10 in Fighting
 15133 | Lair:5   | 15133 ||| Stepping ~*~*~tactically~*~*~ (stealth).
 15135 | Lair:5   | 15135 ||| Stepping ~*~*~tactically~*~*~ (stealth).
 15137 | Lair:5   | 15137 ||| Stepping ~*~*~tactically~*~*~ (stealth).
 15138 | Lair:5   | 15138 ||| Stepping ~*~*~tactically~*~*~ (stealth).
 15150 | Lair:5   | Found a viscous altar of Jiyva.
 15150 | Lair:5   | Found a staircase to the Slime Pits.
 15214 | Lair:5   | 15214 ||| INVOKING Heroism.
 15222 | Lair:5   | 15222 ||| INVOKING Finesse.
 15302 | Lair:5   | 15302 ||| Stepping ~*~*~tactically~*~*~ (hiding).
 15361 | Lair:5   | 15361 ||| Stepping ~*~*~tactically~*~*~ (stealth).
 15370 | Lair:5   | 15370 ||| Stepping ~*~*~tactically~*~*~ (stealth).
 15371 | Lair:5   | 15371 ||| Stepping ~*~*~tactically~*~*~ (stealth).
 15373 | Lair:5   | 15373 ||| INVOKING Heroism.
 15403 | Lair:5   | 15403 ||| INVOKING Finesse.
 15407 | Lair:5   | 15407 ||| INVOKING Heroism.
 15424 | Lair:5   | Gained mutation: Your large and strong wings let you fly.
                  | [Gargoyle growth]
 15424 | Lair:5   | Reached XP level 14. HP: 85/88 MP: 15/21
 15484 | Lair:5   | 15484 ||| FLEEEEING.
 15485 | Lair:5   | 15485 ||| FLEEEEING.
 15486 | Lair:5   | 15486 ||| FLEEEEING.
 15487 | Lair:5   | 15487 ||| FLEEEEING.
 15488 | Lair:5   | 15488 ||| FLEEEEING.
 15489 | Lair:5   | 15489 ||| FLEEEEING.
 15490 | Lair:5   | 15490 ||| FLEEEEING.
 15491 | Lair:5   | 15491 ||| FLEEEEING.
 15492 | Lair:5   | 15492 ||| FLEEEEING.
 15493 | Lair:5   | 15493 ||| FLEEEEING.
 15498 | Lair:5   | 15498 ||| STAIRDANCE
 15533 | Lair:4   | 15533 ||| READING 2 scrolls of identify.
 15533 | Lair:4   | 15533 ||| IDENTIFYING sedimented purple potion
 15534 | Lair:4   | 15534 ||| DROPPING potion of invisibility.
 15537 | Lair:5   | 15537 ||| INVOKING Heroism.
 15538 | Lair:5   | 15538 ||| SWAPPING to +0 morningstar of protection.
 15539 | Lair:5   | 15539 ||| INVOKING Finesse.
 15544 | Lair:5   | 15544 ||| SWAPPING to +4 war axe of protection.
 15569 | Lair:5   | 15569 ||| Stepping ~*~*~tactically~*~*~ (stealth).
 15570 | Lair:5   | 15570 ||| Stepping ~*~*~tactically~*~*~ (stealth).
 15572 | Lair:5   | 15572 ||| Stepping ~*~*~tactically~*~*~ (stealth).
 15674 | Lair:5   | 15674 ||| Stepping ~*~*~tactically~*~*~ (stealth).
 15676 | Lair:5   | 15676 ||| Stepping ~*~*~tactically~*~*~ (stealth).
 15678 | Lair:5   | 15678 ||| INVOKING Heroism.
 15679 | Lair:5   | 15679 ||| Stepping ~*~*~tactically~*~*~ (stealth).
 15703 | Lair:5   | 15703 ||| INVOKING Finesse.
 15710 | Lair:5   | Reached skill level 15 in Shields
 15760 | Lair:5   | Reached skill level 9 in Armour
 15796 | Lair:5   | 15796 ||| Stepping ~*~*~tactically~*~*~ (stealth).
 15809 | Lair:5   | Received a gift from Okawaru
 15836 | Lair:5   | 15836 ||| SWAPPING to +0 antimagic broad axe.
 15903 | Lair:5   | 15903 ||| Stepping ~*~*~tactically~*~*~ (stealth).
 16113 | Lair:5   | 16113 ||| INVOKING Heroism.
 16114 | Lair:5   | 16114 ||| INVOKING Finesse.
 16117 | Lair:5   | 16117 ||| SWAPPING to +0 morningstar of protection.
 16128 | Lair:5   | 16128 ||| SWAPPING to +0 antimagic broad axe.
 16184 | Lair:5   | 16184 ||| FLEEEEING.
 16222 | Lair:5   | 16222 ||| INVOKING Heroism.
 16223 | Lair:5   | 16223 ||| INVOKING Finesse.
 16226 | Lair:5   | 16226 ||| SWAPPING to +0 morningstar of protection.
 16235 | Lair:5   | 16235 ||| SWAPPING to +0 antimagic broad axe.
 16301 | Lair:5   | 16301 ||| INVOKING Heroism.
 16302 | Lair:5   | 16302 ||| INVOKING Finesse.
 16419 | Lair:5   | 16419 ||| INVOKING Heroism.
 16451 | Lair:5   | 16451 ||| Stepping ~*~*~tactically~*~*~ (stealth).
 16553 | Lair:5   | 16553 ||| Stepping ~*~*~tactically~*~*~ (stealth).
 16555 | Lair:5   | 16555 ||| INVOKING Heroism.
 16556 | Lair:5   | 16556 ||| INVOKING Finesse.
 16656 | Lair:5   | 16656 ||| INVOKING Heroism.
 16695 | Lair:5   | Reached skill level 11 in Fighting
 16760 | Lair:5   | 16760 ||| INVOKING Heroism.
 16761 | Lair:5   | 16761 ||| INVOKING Finesse.
 17067 | Lair:5   | 17067 ||| PLANNING D:1-11
 17148 | Lair:3   | 17148 ||| Stepping randomly (stuck).
 17258 | D:11     | 17258 ||| Stepping ~*~*~tactically~*~*~ (hiding).
 17259 | D:11     | 17259 ||| Stepping ~*~*~tactically~*~*~ (stealth).
 17278 | D:11     | 17278 ||| INVOKING Heroism.
 17289 | D:11     | 17289 ||| INVOKING Finesse.
 17326 | D:11     | 17326 ||| Stepping ~*~*~tactically~*~*~ (hiding).
 17330 | D:11     | Reached skill level 3 in Dodging
 17352 | D:11     | 17352 ||| Stepping ~*~*~tactically~*~*~ (stealth).
 17361 | D:11     | 17361 ||| Stepping ~*~*~tactically~*~*~ (stealth).
 17365 | D:11     | 17365 ||| FLEEEEING.
 17419 | D:11     | 17419 ||| Stepping ~*~*~tactically~*~*~ (hiding).
 17430 | D:11     | Reached XP level 15. HP: 94/94 MP: 7/22
 17660 | D:11     | 17660 ||| Stepping ~*~*~tactically~*~*~ (stealth).
 17681 | D:11     | Received a gift from Okawaru
 18060 | D:11     | Found Irgheni's Antique Weapon Emporium.
 18068 | D:11     | 18068 ||| BUYING glowing morningstar (217 gold).
 18068 | D:11     | Bought a glowing morningstar for 217 gold pieces
 18068 | D:11     | 18068 ||| BUYING glowing war axe (201 gold).
 18068 | D:11     | Bought a glowing war axe for 201 gold pieces
 18068 | D:11     | 18068 ||| DROPPING +1 morningstar of draining.
 18069 | D:11     | 18069 ||| DROPPING +2 war axe of freezing.
 18144 | D:11     | 18144 ||| PLANNING D
 18155 | D:12     | 18155 ||| Stepping ~*~*~tactically~*~*~ (hiding).
 18414 | D:12     | 18414 ||| Stepping ~*~*~tactically~*~*~ (hiding).
 18549 | D:12     | 18549 ||| Stepping ~*~*~tactically~*~*~ (stealth).
 18564 | D:12     | 18564 ||| Stepping ~*~*~tactically~*~*~ (stealth).
 18606 | D:12     | 18606 ||| Stepping ~*~*~tactically~*~*~ (stealth).
 18609 | D:12     | 18609 ||| Stepping ~*~*~tactically~*~*~ (stealth).
 18613 | D:12     | 18613 ||| Stepping ~*~*~tactically~*~*~ (stealth).
 18661 | D:12     | Identified the +0 scale mail of Refuge {+Blink Int+2}
                  | (Okawaru gifted it to you on level 12 of the Dungeon)
 18661 | D:12     | Received a gift from Okawaru
 18669 | D:12     | 18669 ||| FLEEEEING.
 18672 | D:12     | 18672 ||| FLEEEEING.
 18686 | D:12     | 18686 ||| FLEEEEING.
 18828 | D:12     | 18828 ||| DRINKING 6 potions of curing.
 18828 | D:12     | 18828 ||| (to cure confusion)
 18871 | D:12     | 18871 ||| Stepping ~*~*~tactically~*~*~ (hiding).
 19174 | D:13     | Reached skill level 3 in Throwing
 19330 | D:13     | Reached skill level 15 in Axes
 19380 | D:13     | 19380 ||| Stepping ~*~*~tactically~*~*~ (hiding).
 19672 | D:13     | 19672 ||| Stepping ~*~*~tactically~*~*~ (hiding).
 19684 | D:13     | 19684 ||| INVOKING Heroism.
 19725 | D:13     | 19725 ||| Stepping ~*~*~tactically~*~*~ (stealth).
 19872 | D:13     | 19872 ||| INVOKING Heroism.
 20006 | D:13     | 20006 ||| READING 2 scrolls of enchant armour.
 20006 | D:13     | 20006 ||| ENCHANTING +1 pair of gloves.
 20007 | D:13     | 20007 ||| READING scroll of enchant armour.
 20007 | D:13     | 20007 ||| ENCHANTING +0 pair of boots.
 20010 | D:13     | 20010 ||| READING 2 scrolls of identify.
 20010 | D:13     | 20010 ||| IDENTIFYING metallic white potion
 20011 | D:13     | 20011 ||| DROPPING potion of berserk rage.
 20121 | D:14     | 20121 ||| Stepping ~*~*~tactically~*~*~ (stealth).
 20310 | D:14     | Found a gate to the Vaults.
 20396 | D:14     | 20396 ||| INVOKING Heroism.
 20667 | D:14     | 20667 ||| Stepping ~*~*~tactically~*~*~ (hiding).
 20741 | D:14     | Identified the +0 helmet of Forking Paths {Rampage rN+}
                  | (Okawaru gifted it to you on level 14 of the Dungeon)
 20741 | D:14     | Received a gift from Okawaru
 20823 | D:14     | 20823 ||| DROPPING +0 helmet of Forking Paths {Rampage
                  | rN+}.
 20824 | D:14     | 20824 ||| READING scroll labelled ZIQONG ZOTHEU.
 20825 | D:14     | 20825 ||| READING 2 scrolls of identify.
 20825 | D:14     | 20825 ||| IDENTIFYING purple potion
 20833 | D:15     | Entered Level 15 of the Dungeon
 20852 | D:15     | 20852 ||| STAIRDANCE
 20916 | D:15     | 20916 ||| Stepping ~*~*~tactically~*~*~ (hiding).
 20938 | D:15     | 20938 ||| FLEEEEING.
 20943 | D:15     | 20943 ||| INVOKING Heroism.
 20946 | D:15     | Reached skill level 12 in Fighting
 20946 | D:15     | 20946 ||| Stepping ~*~*~tactically~*~*~ (hiding).
 20948 | D:15     | 20948 ||| Stepping ~*~*~tactically~*~*~ (hiding).
 21150 | D:15     | 21150 ||| Stepping ~*~*~tactically~*~*~ (stealth).
 21166 | D:15     | 21166 ||| INVOKING Heroism.
 21396 | D:15     | 21396 ||| INVOKING Heroism.
 21533 | D:15     | 21533 ||| Stepping ~*~*~tactically~*~*~ (hiding).
 21547 | D:15     | Reached XP level 16. HP: 100/101 MP: 7/23
 21581 | D:15     | 21581 ||| Stepping ~*~*~tactically~*~*~ (hiding).
 21583 | D:15     | 21583 ||| Stepping ~*~*~tactically~*~*~ (hiding).
 21584 | D:15     | 21584 ||| Stepping ~*~*~tactically~*~*~ (hiding).
 21612 | D:15     | 21612 ||| INVOKING Heroism.
 21626 | D:15     | 21626 ||| Stepping ~*~*~tactically~*~*~ (hiding).
 21675 | D:15     | 21675 ||| Stepping ~*~*~tactically~*~*~ (stealth).
 21701 | D:15     | Identified the +1 pair of boots of Conscience {rF+ Str+2}
                  | (Okawaru gifted it to you on level 15 of the Dungeon)
 21701 | D:15     | Received a gift from Okawaru
 21731 | D:15     | 21731 ||| INVOKING Heroism.
 21952 | D:15     | Identified the +4 spear of the Pure Seas {flame, Dex+4}
 21961 | D:15     | 21961 ||| READING scroll of enchant weapon.
 21961 | D:15     | 21961 ||| ENCHANTING +0 antimagic broad axe.
 22003 | D:15     | Found a staircase to the Depths.
 22204 | D:15     | 22204 ||| INVOKING Heroism.
 22393 | D:15     | 22393 ||| PLANNING ORC
 22393 | D:15     | 22393 ||| UPGRADING to +1 pair of boots of Conscience {rF+
                  | Str+2}.
 22403 | D:15     | 22403 ||| DROPPING +1 pair of boots.
 22404 | D:15     | 22404 ||| READING 2 scrolls of identify.
 22404 | D:15     | 22404 ||| IDENTIFYING sedimented silvery potion
 22405 | D:15     | 22405 ||| DROPPING potion of brilliance.
 22511 | Orc:1    | Entered Level 1 of the Orcish Mines
 22581 | Orc:1    | 22581 ||| Stepping ~*~*~tactically~*~*~ (stealth).
 22582 | Orc:1    | 22582 ||| Stepping ~*~*~tactically~*~*~ (stealth).
 22583 | Orc:1    | 22583 ||| Stepping ~*~*~tactically~*~*~ (stealth).
 22652 | Orc:1    | Found a frozen archway.
 22685 | Orc:1    | 22685 ||| Stepping ~*~*~tactically~*~*~ (stealth).
 22688 | Orc:1    | 22688 ||| Stepping ~*~*~tactically~*~*~ (stealth).
 22834 | Orc:1    | 22834 ||| Stepping ~*~*~tactically~*~*~ (stealth).
 22924 | Orc:1    | 22924 ||| INVOKING Heroism.
 23052 | Orc:1    | 23052 ||| Stepping ~*~*~tactically~*~*~ (stealth).
 23054 | Orc:1    | 23054 ||| Stepping ~*~*~tactically~*~*~ (hiding).
 23208 | Orc:2    | Entered Level 2 of the Orcish Mines
 23211 | Orc:2    | 23211 ||| INVOKING Heroism.
 23236 | Orc:2    | 23236 ||| STAIRDANCE
 23238 | Orc:1    | 23238 ||| INVOKING Heroism.
 23576 | Orc:2    | 23576 ||| INVOKING Heroism.
 23621 | Orc:2    | Noticed Erolcha
 23623 | Orc:2    | 23623 ||| Stepping ~*~*~tactically~*~*~ (hiding).
 23624 | Orc:2    | 23624 ||| Stepping ~*~*~tactically~*~*~ (hiding).
 23635 | Orc:2    | Killed Erolcha
 23637 | Orc:2    | 23637 ||| INVOKING Heroism.
 23655 | Orc:2    | HP: 23/101 [troll (4)]
 23656 | Orc:2    | 23656 ||| READING 10 scrolls of teleportation.
 23657 | Orc:2    | 23657 ||| DRINKING 6 potions of heal wounds.
 23786 | Orc:2    | 23786 ||| Stepping ~*~*~tactically~*~*~ (stealth).
 23876 | Orc:2    | 23876 ||| Stepping ~*~*~tactically~*~*~ (hiding).
 23877 | Orc:2    | 23877 ||| Stepping ~*~*~tactically~*~*~ (hiding).
 23884 | Orc:2    | 23884 ||| Stepping ~*~*~tactically~*~*~ (stealth).
 23885 | Orc:2    | 23885 ||| Stepping ~*~*~tactically~*~*~ (stealth).
 23886 | Orc:2    | 23886 ||| Stepping ~*~*~tactically~*~*~ (stealth).
 23887 | Orc:2    | 23887 ||| Stepping ~*~*~tactically~*~*~ (stealth).
 23904 | Orc:2    | 23904 ||| INVOKING Heroism.
 23970 | Orc:2    | 23970 ||| Stepping ~*~*~tactically~*~*~ (stealth).
 23989 | Orc:2    | 23989 ||| DROPPING +0 morningstar of protection.
 24050 | Orc:2    | 24050 ||| Stepping ~*~*~tactically~*~*~ (stealth).
 24051 | Orc:2    | 24051 ||| Stepping ~*~*~tactically~*~*~ (stealth).
 24052 | Orc:2    | 24052 ||| Stepping ~*~*~tactically~*~*~ (stealth).
 24053 | Orc:2    | 24053 ||| Stepping ~*~*~tactically~*~*~ (stealth).
 24054 | Orc:2    | 24054 ||| Stepping ~*~*~tactically~*~*~ (stealth).
 24055 | Orc:2    | 24055 ||| Stepping ~*~*~tactically~*~*~ (stealth).
 24057 | Orc:2    | 24057 ||| Stepping ~*~*~tactically~*~*~ (hiding).
 24058 | Orc:2    | 24058 ||| Stepping ~*~*~tactically~*~*~ (hiding).
 24101 | Orc:2    | 24101 ||| INVOKING Heroism.
 24136 | Orc:2    | 24136 ||| Stepping ~*~*~tactically~*~*~ (stealth).
 24144 | Orc:2    | 24144 ||| INVOKING Heroism.
 24158 | Orc:2    | HP: 23/101 [orc knight/+1 great sword (22)]
 24159 | Orc:2    | 24159 ||| READING 9 scrolls of teleportation.
 24160 | Orc:2    | 24160 ||| DRINKING 5 potions of heal wounds.
 24203 | Orc:2    | 24203 ||| FLEEEEING.
 24204 | Orc:2    | 24204 ||| FLEEEEING.
 24205 | Orc:2    | 24205 ||| FLEEEEING.
 24206 | Orc:2    | 24206 ||| FLEEEEING.
 24207 | Orc:2    | 24207 ||| FLEEEEING.
 24211 | Orc:2    | 24211 ||| STAIRDANCE
 24382 | Orc:2    | 24382 ||| INVOKING Heroism.
 24386 | Orc:2    | 24386 ||| Stepping ~*~*~tactically~*~*~ (hiding).
 24423 | Orc:2    | 24423 ||| Stepping ~*~*~tactically~*~*~ (stealth).
 24435 | Orc:2    | 24435 ||| FLEEEEING.
 24436 | Orc:2    | 24436 ||| FLEEEEING.
 24437 | Orc:2    | 24437 ||| INVOKING Heroism.
 24527 | Orc:2    | 24527 ||| FLEEEEING.
 24528 | Orc:2    | 24528 ||| FLEEEEING.
 24529 | Orc:2    | 24529 ||| FLEEEEING.
 24530 | Orc:2    | 24530 ||| FLEEEEING.
 24531 | Orc:2    | 24531 ||| FLEEEEING.
 24532 | Orc:2    | 24532 ||| FLEEEEING.
 24536 | Orc:2    | 24536 ||| STAIRDANCE
 24634 | Orc:2    | 24634 ||| Stepping ~*~*~tactically~*~*~ (hiding).
 24635 | Orc:2    | 24635 ||| Stepping ~*~*~tactically~*~*~ (hiding).
 24636 | Orc:2    | 24636 ||| Stepping ~*~*~tactically~*~*~ (hiding).
 24640 | Orc:2    | 24640 ||| INVOKING Heroism.
 24661 | Orc:2    | 24661 ||| FLEEEEING.
 24666 | Orc:2    | 24666 ||| FLEEEEING.
 24667 | Orc:2    | 24667 ||| FLEEEEING.
 24668 | Orc:2    | 24668 ||| FLEEEEING.
 24670 | Orc:2    | 24670 ||| FLEEEEING.
 24671 | Orc:2    | 24671 ||| STAIRDANCE
 24701 | Orc:2    | 24701 ||| Stepping ~*~*~tactically~*~*~ (hiding).
 24834 | Orc:2    | 24834 ||| Stepping ~*~*~tactically~*~*~ (hiding).
 24835 | Orc:2    | 24835 ||| Stepping ~*~*~tactically~*~*~ (hiding).
 24836 | Orc:2    | 24836 ||| Stepping ~*~*~tactically~*~*~ (hiding).
 24837 | Orc:2    | 24837 ||| Stepping ~*~*~tactically~*~*~ (hiding).
 24838 | Orc:2    | 24838 ||| Stepping ~*~*~tactically~*~*~ (hiding).
 24886 | Orc:2    | 24886 ||| INVOKING Heroism.
 24937 | Orc:2    | Found Wejae's Magic Scroll Shoppe.
 24937 | Orc:2    | Found Kioki's Distillery.
 24938 | Orc:2    | Found Rymiveoh's Antique Armour Emporium.
 24938 | Orc:2    | Found Gonov's Antique Weapon Shoppe.
 24946 | Orc:2    | 24946 ||| BUYING 2 potions of haste (320 gold).
 24946 | Orc:2    | Bought 2 potions of haste for 320 gold pieces
 24946 | Orc:2    | 24946 ||| BUYING potion of attraction (48 gold).
 24946 | Orc:2    | Bought a potion of attraction for 48 gold pieces
 24946 | Orc:2    | 24946 ||| BUYING potion of curing (48 gold).
 24946 | Orc:2    | Bought a potion of curing for 48 gold pieces
 24946 | Orc:2    | 24946 ||| BUYING potion of haste (160 gold).
 24946 | Orc:2    | Bought a potion of haste for 160 gold pieces
 24946 | Orc:2    | 24946 ||| BUYING potion of haste (160 gold).
 24946 | Orc:2    | Bought a potion of haste for 160 gold pieces
 24946 | Orc:2    | 24946 ||| BUYING potion of haste (160 gold).
 24946 | Orc:2    | Bought a potion of haste for 160 gold pieces
 24946 | Orc:2    | 24946 ||| BUYING potion of heal wounds (80 gold).
 24946 | Orc:2    | Bought a potion of heal wounds for 80 gold pieces
 24946 | Orc:2    | 24946 ||| BUYING potion of lignification (48 gold).
 24946 | Orc:2    | Bought a potion of lignification for 48 gold pieces
 24946 | Orc:2    | 24946 ||| BUYING potion of might (64 gold).
 24946 | Orc:2    | Bought a potion of might for 64 gold pieces
 24946 | Orc:2    | 24946 ||| BUYING potion of mutation (128 gold).
 24946 | Orc:2    | Bought a potion of mutation for 128 gold pieces
 24946 | Orc:2    | 24946 ||| BUYING potion of resistance (160 gold).
 24946 | Orc:2    | Bought a potion of resistance for 160 gold pieces
 24949 | Orc:2    | 24949 ||| BUYING embroidered cloak (172 gold).
 24949 | Orc:2    | Bought an embroidered cloak for 172 gold pieces
 24949 | Orc:2    | 24949 ||| SHOPLISTING pair of embroidered gloves (172 gold,
                  | have 132).
 24950 | Orc:2    | 24950 ||| BUYING scroll of teleportation (42 gold).
 24950 | Orc:2    | Bought a scroll of teleportation for 42 gold pieces
 24989 | Orc:2    | 24989 ||| UPGRADING to +1 cloak.
 24999 | Orc:2    | 24999 ||| DROPPING +0 cloak.
 25072 | Orc:2    | Found a staircase to the Elven Halls.
 25081 | Orc:2    | 25081 ||| PLANNING SNAKE:1-3
 25169 | Snake:1  | Entered Level 1 of the Snake Pit
 25222 | Snake:1  | 25222 ||| Stepping ~*~*~tactically~*~*~ (stealth).
 25230 | Snake:1  | 25230 ||| INVOKING Heroism.
 25354 | Snake:1  | 25354 ||| Stepping ~*~*~tactically~*~*~ (stealth).
 25421 | Snake:1  | 25421 ||| INVOKING Heroism.
 25427 | Snake:1  | 25427 ||| Stepping ~*~*~tactically~*~*~ (hiding).
 25477 | Snake:1  | 25477 ||| Stepping ~*~*~tactically~*~*~ (hiding).
 25491 | Snake:1  | 25491 ||| INVOKING Heroism.
 25535 | Snake:1  | Found a shimmering blue altar of Sif Muna.
 25609 | Snake:1  | 25609 ||| INVOKING Heroism.
 25619 | Snake:1  | Received a gift from Okawaru
 25693 | Snake:1  | Reached skill level 13 in Fighting
 25910 | Snake:1  | 25910 ||| READING scroll of enchant weapon.
 25910 | Snake:1  | 25910 ||| ENCHANTING +1 antimagic broad axe.
 25921 | Snake:2  | Received a gift from Okawaru
 25970 | Snake:2  | 25970 ||| Stepping ~*~*~tactically~*~*~ (stealth).
 26013 | Snake:2  | 26013 ||| INVOKING Heroism.
 26029 | Snake:2  | Reached XP level 17. HP: 73/108 MP: 6/24
 26189 | Snake:2  | 26189 ||| Stepping ~*~*~tactically~*~*~ (hiding).
 26191 | Snake:2  | 26191 ||| Stepping ~*~*~tactically~*~*~ (stealth).
 26192 | Snake:2  | 26192 ||| INVOKING Heroism.
 26265 | Snake:2  | 26265 ||| Stepping ~*~*~tactically~*~*~ (hiding).
 26623 | Snake:2  | 26623 ||| READING scroll of enchant armour.
 26623 | Snake:2  | 26623 ||| ENCHANTING +1 cloak.
 26792 | Snake:2  | 26792 ||| Stepping ~*~*~tactically~*~*~ (hiding).
 26801 | Snake:2  | 26801 ||| INVOKING Heroism.
 26895 | Snake:2  | 26895 ||| DROPPING ring of ice.
 26896 | Snake:2  | 26896 ||| READING scroll labelled MIRUVO DEME.
 26915 | Snake:3  | 26915 ||| Stepping ~*~*~tactically~*~*~ (hiding).
 26916 | Snake:3  | 26916 ||| Stepping ~*~*~tactically~*~*~ (hiding).
 26927 | Snake:3  | Reached skill level 6 in Throwing
 26953 | Snake:3  | Received a gift from Okawaru
 27000 | Snake:3  | 27000 ||| INVOKING Heroism.
 27028 | Snake:3  | 27028 ||| INVOKING Heroism.
 27088 | Snake:3  | 27088 ||| Stepping ~*~*~tactically~*~*~ (stealth).
 27089 | Snake:3  | 27089 ||| Stepping ~*~*~tactically~*~*~ (stealth).
 27137 | Snake:3  | 27137 ||| INVOKING Heroism.
 27498 | Snake:3  | Noticed littlecub's ghost (journeyman DsGl)
 27501 | Snake:3  | Found a runed translucent door.
 27504 | Snake:3  | 27504 ||| Stepping ~*~*~tactically~*~*~ (hiding).
 27505 | Snake:3  | 27505 ||| Stepping ~*~*~tactically~*~*~ (hiding).
 27543 | Snake:3  | 27543 ||| Stepping ~*~*~tactically~*~*~ (stealth).
 27544 | Snake:3  | 27544 ||| Stepping ~*~*~tactically~*~*~ (stealth).
 27547 | Snake:3  | 27547 ||| Stepping ~*~*~tactically~*~*~ (hiding).
 27551 | Snake:3  | 27551 ||| Stepping ~*~*~tactically~*~*~ (hiding).
 27552 | Snake:3  | 27552 ||| Stepping ~*~*~tactically~*~*~ (hiding).
 27553 | Snake:3  | 27553 ||| Stepping ~*~*~tactically~*~*~ (hiding).
 27557 | Snake:3  | 27557 ||| Stepping ~*~*~tactically~*~*~ (hiding).
 27558 | Snake:3  | 27558 ||| Stepping ~*~*~tactically~*~*~ (hiding).
 27560 | Snake:3  | 27560 ||| Stepping ~*~*~tactically~*~*~ (hiding).
 27573 | Snake:3  | 27573 ||| INVOKING Heroism.
 27608 | Snake:3  | 27608 ||| Stepping ~*~*~tactically~*~*~ (stealth).
 27609 | Snake:3  | 27609 ||| Stepping ~*~*~tactically~*~*~ (stealth).
 27611 | Snake:3  | 27611 ||| Stepping ~*~*~tactically~*~*~ (stealth).
 27617 | Snake:3  | 27617 ||| INVOKING Heroism.
 27917 | Snake:3  | 27917 ||| PLANNING SHOALS:1-3
 27917 | Snake:3  | 27917 ||| READING scroll labelled XUOGGO RINE.
 27961 | Shoals:1 | Entered Level 1 of the Shoals
 27978 | Shoals:1 | 27978 ||| INVOKING Heroism.
 28312 | Shoals:1 | 28312 ||| INVOKING Heroism.
 28492 | Shoals:1 | 28492 ||| FLEEEEING.
 28493 | Shoals:1 | 28493 ||| FLEEEEING.
 29068 | Shoals:2 | Noticed Louise
 29104 | Shoals:2 | Killed Louise
 29146 | Shoals:2 | 29146 ||| INVOKING Heroism.
 29161 | Abyss:3  | Cast into level 3 of the Abyss (merfolk impaler)
 29219 | Abyss:3  | Paralysed by you for 4 turns
 29231 | Abyss:3  | Reached skill level 18 in Axes
 29251 | Abyss:3  | 29251 ||| INVOKING Heroism.
 29277 | Abyss:3  | 29277 ||| Stepping ~*~*~tactically~*~*~ (stealth).
 29279 | Abyss:3  | Received a gift from Okawaru
 29311 | Abyss:3  | Received a gift from Okawaru
 29352 | Abyss:3  | 29352 ||| INVOKING Heroism.
 29358 | Abyss:3  | 29358 ||| Stepping ~*~*~tactically~*~*~ (hiding).
 29361 | Abyss:3  | 29361 ||| Stepping ~*~*~tactically~*~*~ (stealth).
 29382 | Abyss:3  | 29382 ||| Stepping ~*~*~tactically~*~*~ (stealth).
 29386 | Abyss:3  | 29386 ||| Stepping ~*~*~tactically~*~*~ (stealth).
 29403 | Abyss:3  | 29403 ||| Stepping ~*~*~tactically~*~*~ (stealth).
 29405 | Abyss:3  | 29405 ||| Stepping ~*~*~tactically~*~*~ (stealth).
 29406 | Abyss:3  | 29406 ||| INVOKING Heroism.
 29415 | Abyss:3  | Noticed a tentacled starspawn
 29425 | Abyss:3  | Killed a tentacled starspawn
 29455 | Abyss:3  | Noticed a tentacled monstrosity
 29461 | Abyss:3  | 29461 ||| INVOKING Heroism.
 29501 | Abyss:3  | 29501 ||| Stepping ~*~*~tactically~*~*~ (stealth).
 29503 | Abyss:3  | 29503 ||| Stepping ~*~*~tactically~*~*~ (stealth).
 29506 | Abyss:3  | 29506 ||| Stepping ~*~*~tactically~*~*~ (stealth).
 29507 | Abyss:3  | 29507 ||| Stepping ~*~*~tactically~*~*~ (stealth).
 29508 | Abyss:3  | 29508 ||| Stepping ~*~*~tactically~*~*~ (stealth).
 29510 | Abyss:3  | 29510 ||| Stepping ~*~*~tactically~*~*~ (stealth).
 29511 | Abyss:3  | 29511 ||| Stepping ~*~*~tactically~*~*~ (hiding).
 29512 | Abyss:3  | 29512 ||| INVOKING Heroism.
 29530 | Abyss:3  | Noticed a lich
 29547 | Abyss:3  | Killed a lich
 29548 | Abyss:3  | 29548 ||| Stepping ~*~*~tactically~*~*~ (stealth).
 29552 | Abyss:3  | 29552 ||| Stepping ~*~*~tactically~*~*~ (stealth).
 29562 | Abyss:3  | 29562 ||| Stepping ~*~*~tactically~*~*~ (stealth).
 29568 | Abyss:3  | 29568 ||| INVOKING Heroism.
 29594 | Abyss:3  | 29594 ||| Stepping ~*~*~tactically~*~*~ (stealth).
 29595 | Abyss:3  | 29595 ||| Stepping ~*~*~tactically~*~*~ (stealth).
 29596 | Abyss:3  | 29596 ||| Stepping ~*~*~tactically~*~*~ (stealth).
 29598 | Abyss:3  | 29598 ||| Stepping ~*~*~tactically~*~*~ (stealth).
 29635 | Abyss:3  | 29635 ||| INVOKING Heroism.
 29656 | Shoals:2 | Escaped the Abyss
 29666 | Shoals:2 | HP: 23/110 [merfolk impaler/+5 trident of distortion (17)]
 29667 | Shoals:2 | 29667 ||| READING 10 scrolls of teleportation.
 29667 | Shoals:2 | HP: 10/110 [merfolk impaler/+5 trident of distortion (14)]
 29668 | Shoals:2 | 29668 ||| DRINKING 5 potions of heal wounds.
 29669 | Shoals:2 | 29669 ||| DRINKING 4 potions of heal wounds.
 29683 | Shoals:2 | Reached skill level 14 in Fighting
 29799 | Shoals:2 | 29799 ||| FLEEEEING.
 29810 | Shoals:2 | 29810 ||| INVOKING Heroism.
 29879 | Shoals:2 | 29879 ||| FLEEEEING.
 29880 | Shoals:2 | 29880 ||| FLEEEEING.
 29881 | Shoals:2 | 29881 ||| FLEEEEING.
 29886 | Shoals:2 | 29886 ||| FLEEEEING.
 29887 | Shoals:2 | 29887 ||| FLEEEEING.
 29888 | Shoals:2 | 29888 ||| FLEEEEING.
 29889 | Shoals:2 | 29889 ||| STAIRDANCE
 30032 | Shoals:1 | 30032 ||| UPGRADING to +2 tower shield.
 30042 | Shoals:1 | 30042 ||| DROPPING +0 tower shield.
 30190 | Shoals:2 | 30190 ||| Stepping ~*~*~tactically~*~*~ (hiding).
 30191 | Shoals:2 | 30191 ||| Stepping ~*~*~tactically~*~*~ (hiding).
 30193 | Shoals:2 | 30193 ||| Stepping ~*~*~tactically~*~*~ (hiding).
 30199 | Shoals:2 | Received a gift from Okawaru
 30389 | Shoals:2 | Reached skill level 18 in Shields
 30901 | Shoals:3 | 30901 ||| INVOKING Heroism.
 30929 | Shoals:3 | 30929 ||| Stepping ~*~*~tactically~*~*~ (hiding).
 30931 | Shoals:3 | 30931 ||| Stepping ~*~*~tactically~*~*~ (hiding).
 30975 | Shoals:3 | 30975 ||| Stepping ~*~*~tactically~*~*~ (hiding).
 30997 | Shoals:3 | Found a runed translucent door.
 31003 | Shoals:3 | 31003 ||| Stepping ~*~*~tactically~*~*~ (cloud).
 31005 | Shoals:3 | 31005 ||| Stepping ~*~*~tactically~*~*~ (cloud).
 31131 | Shoals:3 | Received a gift from Okawaru
 31139 | Shoals:3 | Noticed Ilsuiw
 31140 | Shoals:3 | 31140 ||| INVOKING Heroism.
 31143 | Shoals:3 | Reached XP level 18. HP: 115/116 MP: 6/25
 31161 | Shoals:3 | Reached skill level 12 in Armour
 31191 | Shoals:3 | 31191 ||| INVOKING Heroism.
 31193 | Shoals:3 | Killed Ilsuiw
 31275 | Shoals:3 | 31275 ||| DROPPING +1 hand axe of flaming.
 31334 | Shoals:3 | Noticed Polyphemus
 31335 | Shoals:3 | 31335 ||| INVOKING Heroism.
 31350 | Shoals:3 | Killed Polyphemus
 31350 | Shoals:3 | Received a gift from Okawaru
 31486 | Shoals:3 | 31486 ||| Stepping ~*~*~tactically~*~*~ (hiding).
 31487 | Shoals:3 | 31487 ||| Stepping ~*~*~tactically~*~*~ (hiding).
 31488 | Shoals:3 | 31488 ||| INVOKING Heroism.
 31539 | Shoals:3 | 31539 ||| INVOKING Heroism.
 31637 | Shoals:3 | 31637 ||| INVOKING Heroism.
 31638 | Shoals:3 | HP: 28/116 [faun/+0 quarterstaff[a satyr] (24)]
 31639 | Shoals:3 | 31639 ||| READING 10 scrolls of teleportation.
 31640 | Shoals:3 | 31640 ||| DRINKING 3 potions of heal wounds.
 31849 | Shoals:3 | 31849 ||| INVOKING Heroism.
 31916 | Shoals:3 | 31916 ||| INVOKING Heroism.
 31948 | Shoals:3 | Noticed Bai Suzhen
 31966 | Shoals:3 | HP: 13/116 [satyr/arrow (21)]
 31967 | Shoals:3 | 31967 ||| READING 9 scrolls of teleportation.
 31968 | Shoals:3 | 31968 ||| DRINKING 2 potions of heal wounds.
 31969 | Shoals:3 | 31969 ||| DRINKING potion of heal wounds.
 32007 | Shoals:3 | 32007 ||| INVOKING Heroism.
 32205 | Shoals:3 | 32205 ||| Stepping ~*~*~tactically~*~*~ (hiding).
 32206 | Shoals:3 | 32206 ||| Stepping ~*~*~tactically~*~*~ (hiding).
 32207 | Shoals:3 | 32207 ||| INVOKING Heroism.
 32493 | Shoals:3 | Found Leridum's Weapon Boutique.
 32581 | Shoals:3 | 32581 ||| INVOKING Heroism.
 32590 | Shoals:3 | Killed Bai Suzhen
 32591 | Shoals:3 | 32591 ||| Stepping ~*~*~tactically~*~*~ (cloud).
 32769 | Shoals:3 | Found a corrupted altar of Lugonu.
 32771 | Shoals:3 | Found a one-way gate to the infinite horrors of the Abyss.
 32773 | Shoals:3 | 32773 ||| PLANNING SNAKE:4
 32773 | Shoals:3 | 32773 ||| DROPPING amulet of regeneration.
 32866 | Snake:4  | Entered Level 4 of the Snake Pit
 32873 | Snake:4  | Noticed Aizul
 32874 | Snake:4  | 32874 ||| INVOKING Heroism.
 32897 | Snake:4  | Killed Aizul
 32933 | Snake:4  | 32933 ||| INVOKING Heroism.
 32938 | Snake:4  | Reached skill level 15 in Fighting
 32950 | Snake:4  | HP: 25/119 [black mamba[a naga ritualist] (9)]
 32951 | Snake:4  | 32951 ||| READING 8 scrolls of teleportation.
 33078 | Snake:4  | 33078 ||| Stepping ~*~*~tactically~*~*~ (stealth).
 33079 | Snake:4  | 33079 ||| INVOKING Heroism.
 33284 | Snake:4  | 33284 ||| INVOKING Heroism.
 33321 | Snake:4  | 33321 ||| INVOKING Heroism.
 33357 | Snake:4  | HP: 29/119 [salamander tyrant (14)]
 33358 | Snake:4  | 33358 ||| READING 7 scrolls of teleportation.
 33359 | Snake:4  | 33359 ||| INVOKING Heroism.
 33372 | Snake:4  | 33372 ||| FLEEEEING.
 33373 | Snake:4  | 33373 ||| FLEEEEING.
 33478 | Snake:4  | 33478 ||| Stepping ~*~*~tactically~*~*~ (stealth).
 33479 | Snake:4  | 33479 ||| INVOKING Heroism.
 33582 | Snake:4  | 33582 ||| INVOKING Heroism.
 33676 | Snake:4  | 33676 ||| Stepping ~*~*~tactically~*~*~ (hiding).
 33678 | Snake:4  | 33678 ||| Stepping ~*~*~tactically~*~*~ (hiding).
 33681 | Snake:4  | 33681 ||| Stepping ~*~*~tactically~*~*~ (hiding).
 33849 | Snake:4  | 33849 ||| Stepping ~*~*~tactically~*~*~ (stealth).
 33852 | Snake:4  | 33852 ||| Stepping ~*~*~tactically~*~*~ (hiding).
 33862 | Snake:4  | 33862 ||| Stepping ~*~*~tactically~*~*~ (hiding).
 33891 | Snake:4  | Found Gehid's Antique Weapon Shoppe.
 33917 | Snake:4  | 33917 ||| Stepping ~*~*~tactically~*~*~ (hiding).
 33950 | Snake:4  | 33950 ||| Stepping ~*~*~tactically~*~*~ (hiding).
 33952 | Snake:4  | 33952 ||| INVOKING Heroism.
 34062 | Snake:4  | 34062 ||| INVOKING Heroism.
 34093 | Snake:4  | Received a gift from Okawaru
 34094 | Snake:4  | Noticed Vashnia
 34101 | Snake:4  | Received a gift from Okawaru
 34116 | Snake:4  | HP: 26/119 [naga sharpshooter/arrow[Vashnia] (7)]
 34117 | Snake:4  | 34117 ||| READING 6 scrolls of teleportation.
 34117 | Snake:4  | HP: 8/119 [naga sharpshooter/+0 trident[Vashnia] (12)]
 34185 | Snake:4  | 34185 ||| INVOKING Heroism.
 34328 | Snake:4  | 34328 ||| Stepping ~*~*~tactically~*~*~ (stealth).
 34330 | Snake:4  | 34330 ||| Stepping ~*~*~tactically~*~*~ (stealth).
 34331 | Snake:4  | 34331 ||| Stepping ~*~*~tactically~*~*~ (stealth).
 34338 | Snake:4  | 34338 ||| Stepping ~*~*~tactically~*~*~ (stealth).
 34345 | Snake:4  | 34345 ||| Stepping ~*~*~tactically~*~*~ (stealth).
 34348 | Snake:4  | 34348 ||| Stepping ~*~*~tactically~*~*~ (stealth).
 34349 | Snake:4  | 34349 ||| Stepping ~*~*~tactically~*~*~ (stealth).
 34351 | Snake:4  | 34351 ||| Stepping ~*~*~tactically~*~*~ (stealth).
 34352 | Snake:4  | 34352 ||| Stepping ~*~*~tactically~*~*~ (stealth).
 34353 | Snake:4  | 34353 ||| Stepping ~*~*~tactically~*~*~ (stealth).
 34360 | Snake:4  | 34360 ||| Stepping ~*~*~tactically~*~*~ (stealth).
 34363 | Snake:4  | 34363 ||| Stepping ~*~*~tactically~*~*~ (stealth).
 34372 | Snake:4  | 34372 ||| FLEEEEING.
 34374 | Snake:4  | 34374 ||| FLEEEEING.
 34422 | Snake:4  | 34422 ||| Stepping ~*~*~tactically~*~*~ (stealth).
 34424 | Snake:4  | 34424 ||| Stepping ~*~*~tactically~*~*~ (hiding).
 34521 | Snake:4  | 34521 ||| INVOKING Heroism.
 34541 | Snake:4  | Reached skill level 9 in Throwing
 34570 | Snake:4  | HP: 20/119 [Vashnia/arrow (15)]
 34571 | Snake:4  | 34571 ||| READING 5 scrolls of teleportation.
 34891 | Snake:4  | 34891 ||| FLEEEEING.
 34892 | Snake:4  | 34892 ||| FLEEEEING.
 34920 | Snake:4  | 34920 ||| INVOKING Heroism.
 34967 | Snake:4  | Killed Vashnia
 34967 | Snake:4  | Received a gift from Okawaru
 35050 | Snake:4  | 35050 ||| Stepping ~*~*~tactically~*~*~ (hiding).
 35052 | Snake:4  | 35052 ||| Stepping ~*~*~tactically~*~*~ (hiding).
 35183 | Snake:4  | 35183 ||| INVOKING Heroism.
 35212 | Snake:4  | 35212 ||| Stepping ~*~*~tactically~*~*~ (stealth).
 35213 | Snake:4  | 35213 ||| Stepping ~*~*~tactically~*~*~ (stealth).
 35215 | Snake:4  | 35215 ||| Stepping ~*~*~tactically~*~*~ (hiding).
 35216 | Snake:4  | 35216 ||| Stepping ~*~*~tactically~*~*~ (hiding).
 35217 | Snake:4  | 35217 ||| Stepping ~*~*~tactically~*~*~ (hiding).
 35248 | Snake:4  | 35248 ||| FLEEEEING.
 35249 | Snake:4  | 35249 ||| FLEEEEING.
 35250 | Snake:4  | 35250 ||| FLEEEEING.
 35251 | Snake:4  | 35251 ||| FLEEEEING.
 35252 | Snake:4  | 35252 ||| FLEEEEING.
 35253 | Snake:4  | 35253 ||| FLEEEEING.
 35254 | Snake:4  | 35254 ||| FLEEEEING.
 35258 | Snake:4  | 35258 ||| FLEEEEING.
 35259 | Snake:4  | 35259 ||| FLEEEEING.
 35260 | Snake:4  | 35260 ||| FLEEEEING.
 35261 | Snake:4  | 35261 ||| FLEEEEING.
 35262 | Snake:4  | 35262 ||| FLEEEEING.
 35263 | Snake:4  | 35263 ||| FLEEEEING.
 35264 | Snake:4  | 35264 ||| FLEEEEING.
 35265 | Snake:4  | 35265 ||| FLEEEEING.
 35266 | Snake:4  | 35266 ||| INVOKING Heroism.
 35275 | Snake:4  | Reached XP level 19. HP: 124/124 MP: 6/26
 35572 | Snake:4  | Got a serpentine rune of Zot
 35573 | Snake:4  | 35573 ||| PLANNING VAULTS:1-4
 35573 | Snake:4  | 35573 ||| UPGRADING to ring of willpower.
 35575 | Snake:4  | 35575 ||| UPGRADING to +0 tower shield of cold resistance.
 35826 | Vaults:1 | Entered Level 1 of the Vaults
 35855 | Vaults:1 | 35855 ||| INVOKING Heroism.
 35888 | Vaults:1 | Received a gift from Okawaru
 36106 | Vaults:1 | 36106 ||| Stepping ~*~*~tactically~*~*~ (stealth).
 36127 | Vaults:1 | 36127 ||| INVOKING Heroism.
 36132 | Vaults:1 | Received a gift from Okawaru
 36133 | Vaults:1 | Reached skill level 16 in Fighting
 36144 | Vaults:1 | HP: 29/125 [vault sentinel/+0 morningstar (7)]
 36145 | Vaults:1 | 36145 ||| READING 5 scrolls of teleportation.
 36149 | Vaults:1 | Received a gift from Okawaru
 36151 | Vaults:1 | 36151 ||| READING 4 scrolls of teleportation.
 36393 | Vaults:1 | 36393 ||| INVOKING Heroism.
 36440 | Vaults:1 | 36440 ||| Stepping ~*~*~tactically~*~*~ (stealth).
 36448 | Vaults:1 | 36448 ||| Stepping ~*~*~tactically~*~*~ (stealth).
 36588 | Vaults:1 | 36588 ||| FLEEEEING.
 36589 | Vaults:1 | 36589 ||| FLEEEEING.
 36591 | Vaults:1 | Noticed Asterion
 36592 | Vaults:1 | 36592 ||| INVOKING Heroism.
 36593 | Vaults:1 | 36593 ||| INVOKING Finesse.
 36606 | Vaults:1 | Killed Asterion
 36913 | Vaults:1 | Noticed Zenata
 36914 | Vaults:1 | 36914 ||| INVOKING Heroism.
 36934 | Vaults:1 | Killed Zenata
 36934 | Vaults:1 | Received a gift from Okawaru
 37246 | Vaults:1 | Received a gift from Okawaru
 37423 | Vaults:1 | 37423 ||| INVOKING Heroism.
 37476 | Vaults:1 | Identified the +2 scale mail of the Shore {rElec Dex+2}
 37549 | Vaults:1 | 37549 ||| INVOKING Heroism.
 37730 | Vaults:1 | 37730 ||| Stepping ~*~*~tactically~*~*~ (stealth).
 37740 | Vaults:1 | Received a gift from Okawaru
 37778 | Vaults:1 | 37778 ||| INVOKING Heroism.
 37787 | Vaults:1 | Reached skill level 17 in Fighting
 38036 | Vaults:1 | Found a portal to a secret trove of treasure.
 38053 | Vaults:1 | 38053 ||| Stepping ~*~*~tactically~*~*~ (stealth).
 38179 | Vaults:2 | Identified the +4 kite shield of Decompression {*Corrode
                  | rC++ Dex+2} (Okawaru gifted it to you on level 2 of the
                  | Vaults)
 38179 | Vaults:2 | Received a gift from Okawaru
 38189 | Vaults:2 | 38189 ||| INVOKING Heroism.
 38313 | Vaults:2 | 38313 ||| INVOKING Heroism.
 38314 | Vaults:2 | 38314 ||| INVOKING Finesse.
 38659 | Vaults:2 | 38659 ||| Stepping ~*~*~tactically~*~*~ (stealth).
 38679 | Vaults:2 | 38679 ||| INVOKING Heroism.
 39013 | Vaults:2 | Reached XP level 20. HP: 134/134 MP: 9/27
 39048 | Vaults:2 | 39048 ||| INVOKING Heroism.
 39282 | Vaults:2 | Reached skill level 18 in Fighting
 39533 | Vaults:2 | 39533 ||| INVOKING Heroism.
 39535 | Vaults:2 | Received a gift from Okawaru
 40231 | Vaults:2 | Reached skill level 15 in Armour
 40420 | Vaults:2 | Found a staircase to the Crypt.
 40421 | Vaults:2 | 40421 ||| Stepping ~*~*~tactically~*~*~ (hiding).
 40670 | Vaults:3 | 40670 ||| FLEEEEING.
 40671 | Vaults:3 | 40671 ||| FLEEEEING.
 40672 | Vaults:3 | 40672 ||| FLEEEEING.
 40673 | Vaults:3 | 40673 ||| FLEEEEING.
 40674 | Vaults:3 | 40674 ||| FLEEEEING.
 40675 | Vaults:3 | 40675 ||| FLEEEEING.
 40676 | Vaults:3 | 40676 ||| FLEEEEING.
 40677 | Vaults:3 | 40677 ||| STAIRDANCE
 40768 | Vaults:3 | 40768 ||| STAIRDANCE
 40825 | Vaults:3 | 40825 ||| STAIRDANCE
 40827 | Vaults:2 | Identified the +0 broad axe of Okawaru's Delight {freeze,
                  | rElec Str+4} (Okawaru gifted it to you on level 2 of the
                  | Vaults)
 40827 | Vaults:2 | Received a gift from Okawaru
 40832 | Vaults:2 | 40832 ||| INVOKING Heroism.
 40996 | Vaults:2 | 40996 ||| SWAPPING to +0 broad axe of Okawaru's Delight
                  | {freeze, rElec Str+4}.
 41086 | Vaults:2 | 41086 ||| DROPPING +4 war axe of protection.
 41417 | Vaults:3 | 41417 ||| Stepping ~*~*~tactically~*~*~ (hiding).
 41577 | Vaults:3 | 41577 ||| Stepping ~*~*~tactically~*~*~ (stealth).
 41579 | Vaults:3 | 41579 ||| Stepping ~*~*~tactically~*~*~ (stealth).
 41638 | Vaults:3 | 41638 ||| Stepping ~*~*~tactically~*~*~ (stealth).
 41639 | Vaults:3 | 41639 ||| Stepping ~*~*~tactically~*~*~ (stealth).
 41682 | Vaults:3 | 41682 ||| INVOKING Heroism.
 41685 | Vaults:3 | Reached skill level 6 in Dodging
 42070 | Vaults:3 | 42070 ||| Stepping ~*~*~tactically~*~*~ (stealth).
 42091 | Vaults:3 | 42091 ||| Stepping ~*~*~tactically~*~*~ (hiding).
 42092 | Vaults:3 | 42092 ||| Stepping ~*~*~tactically~*~*~ (hiding).
 42094 | Vaults:3 | 42094 ||| Stepping ~*~*~tactically~*~*~ (hiding).
 42193 | Vaults:3 | 42193 ||| INVOKING Heroism.
 42339 | Vaults:3 | 42339 ||| Stepping ~*~*~tactically~*~*~ (hiding).
 42431 | Vaults:3 | Found Ziblaol's General Store.
 42643 | Vaults:3 | 42643 ||| Stepping ~*~*~tactically~*~*~ (hiding).
 42646 | Vaults:3 | 42646 ||| Stepping ~*~*~tactically~*~*~ (hiding).
 42648 | Vaults:3 | 42648 ||| Stepping ~*~*~tactically~*~*~ (hiding).
 42654 | Vaults:3 | Received a gift from Okawaru
 42658 | Vaults:3 | 42658 ||| INVOKING Heroism.
 42667 | Vaults:3 | Reached skill level 19 in Fighting
 42809 | Vaults:3 | 42809 ||| FLEEEEING.
 42810 | Vaults:3 | 42810 ||| FLEEEEING.
 42811 | Vaults:3 | 42811 ||| FLEEEEING.
 42812 | Vaults:3 | 42812 ||| FLEEEEING.
 42817 | Vaults:3 | 42817 ||| FLEEEEING.
 42818 | Vaults:3 | 42818 ||| FLEEEEING.
 42819 | Vaults:3 | 42819 ||| FLEEEEING.
 42820 | Vaults:3 | 42820 ||| FLEEEEING.
 42821 | Vaults:3 | 42821 ||| FLEEEEING.
 42822 | Vaults:3 | 42822 ||| FLEEEEING.
 42823 | Vaults:3 | 42823 ||| FLEEEEING.
 42829 | Vaults:3 | 42829 ||| STAIRDANCE
 42931 | Vaults:2 | 42931 ||| READING scroll labelled MOSIPN JALEK.
 43037 | Vaults:3 | 43037 ||| FLEEEEING.
 43038 | Vaults:3 | 43038 ||| STAIRDANCE
 43150 | Vaults:3 | 43150 ||| Stepping ~*~*~tactically~*~*~ (hiding).
 43164 | Vaults:3 | 43164 ||| Stepping ~*~*~tactically~*~*~ (hiding).
 43166 | Vaults:3 | 43166 ||| Stepping ~*~*~tactically~*~*~ (hiding).
 43222 | Vaults:3 | Reached XP level 21. HP: 113/144 MP: 28/28
 43410 | Vaults:3 | Found Boiguove's Magic Scroll Shop.
 43418 | Vaults:3 | 43418 ||| BUYING scroll of enchant armour (165 gold).
 43418 | Vaults:3 | Bought a scroll of enchant armour for 165 gold pieces
 43418 | Vaults:3 | 43418 ||| BUYING scroll of enchant weapon (165 gold).
 43418 | Vaults:3 | Bought a scroll of enchant weapon for 165 gold pieces
 43418 | Vaults:3 | 43418 ||| BUYING scroll of teleportation (66 gold).
 43418 | Vaults:3 | Bought a scroll of teleportation for 66 gold pieces
 43418 | Vaults:3 | 43418 ||| BUYING scroll of teleportation (66 gold).
 43418 | Vaults:3 | Bought a scroll of teleportation for 66 gold pieces
 43418 | Vaults:3 | 43418 ||| BUYING scroll of teleportation (66 gold).
 43418 | Vaults:3 | Bought a scroll of teleportation for 66 gold pieces
 43776 | Vaults:4 | 43776 ||| FLEEEEING.
 43777 | Vaults:4 | 43777 ||| FLEEEEING.
 43781 | Vaults:4 | 43781 ||| STAIRDANCE
 43896 | Vaults:4 | 43896 ||| Stepping ~*~*~tactically~*~*~ (hiding).
 43897 | Vaults:4 | 43897 ||| Stepping ~*~*~tactically~*~*~ (hiding).
 43908 | Vaults:4 | 43908 ||| INVOKING Heroism.
 43910 | Vaults:4 | 43910 ||| INVOKING Finesse.
 43916 | Vaults:4 | 43916 ||| Stepping ~*~*~tactically~*~*~ (hiding).
 43941 | Vaults:4 | Received a gift from Okawaru
 43976 | Vaults:4 | 43976 ||| INVOKING Heroism.
 44148 | Vaults:4 | 44148 ||| FLEEEEING.
 44149 | Vaults:4 | 44149 ||| FLEEEEING.
 44150 | Vaults:4 | 44150 ||| FLEEEEING.
 44159 | Vaults:4 | 44159 ||| STAIRDANCE
 44193 | Vaults:3 | 44193 ||| DROPPING scarf of shadows.
 44201 | Vaults:4 | 44201 ||| Stepping ~*~*~tactically~*~*~ (hiding).
 44246 | Vaults:4 | 44246 ||| Stepping ~*~*~tactically~*~*~ (stealth).
 44247 | Vaults:4 | 44247 ||| Stepping ~*~*~tactically~*~*~ (stealth).
 44483 | Vaults:4 | 44483 ||| FLEEEEING.
 44484 | Vaults:4 | 44484 ||| FLEEEEING.
 44485 | Vaults:4 | 44485 ||| FLEEEEING.
 44486 | Vaults:4 | 44486 ||| FLEEEEING.
 44487 | Vaults:4 | 44487 ||| FLEEEEING.
 44488 | Vaults:4 | 44488 ||| FLEEEEING.
 44489 | Vaults:4 | 44489 ||| STAIRDANCE
 44534 | Vaults:4 | 44534 ||| STAIRDANCE
 44609 | Vaults:4 | 44609 ||| FLEEEEING.
 44612 | Vaults:4 | 44612 ||| FLEEEEING.
 44613 | Vaults:4 | 44613 ||| FLEEEEING.
 44614 | Vaults:4 | 44614 ||| FLEEEEING.
 44615 | Vaults:4 | 44615 ||| STAIRDANCE
 44853 | Vaults:4 | 44853 ||| Stepping ~*~*~tactically~*~*~ (stealth).
 44855 | Vaults:4 | 44855 ||| Stepping ~*~*~tactically~*~*~ (stealth).
 44857 | Vaults:4 | 44857 ||| Stepping ~*~*~tactically~*~*~ (stealth).
 44955 | Vaults:4 | 44955 ||| INVOKING Heroism.
 44958 | Vaults:4 | 44958 ||| Stepping ~*~*~tactically~*~*~ (hiding).
 45145 | Vaults:4 | 45145 ||| Stepping ~*~*~tactically~*~*~ (hiding).
 45179 | Vaults:4 | 45179 ||| INVOKING Heroism.
 45420 | Vaults:4 | 45420 ||| PLANNING SHOALS:4
 45420 | Vaults:4 | 45420 ||| DROPPING +6 ring of dexterity.
 45421 | Vaults:4 | 45421 ||| DROPPING ring of see invisible.
 45422 | Vaults:4 | 45422 ||| UPGRADING to +5 ring of evasion.
 45424 | Vaults:4 | 45424 ||| DROPPING ring of willpower.
 45425 | Vaults:4 | 45425 ||| READING scroll labelled SASMEFEABLIGA.
 45649 | Shoals:4 | Entered Level 4 of the Shoals
 45811 | Shoals:4 | 45811 ||| Stepping ~*~*~tactically~*~*~ (stealth).
 45818 | Shoals:4 | 45818 ||| Stepping ~*~*~tactically~*~*~ (hiding).
 45863 | Shoals:4 | 45863 ||| Stepping ~*~*~tactically~*~*~ (stealth).
 45875 | Shoals:4 | Paralysed by a sphinx for 4 turns
 45879 | Shoals:4 | 45879 ||| INVOKING Heroism.
 45881 | Shoals:4 | Reached skill level 20 in Fighting
 46026 | Shoals:4 | 46026 ||| Stepping ~*~*~tactically~*~*~ (hiding).
 46137 | Shoals:4 | 46137 ||| Stepping ~*~*~tactically~*~*~ (hiding).
 46144 | Shoals:4 | 46144 ||| INVOKING Heroism.
 46145 | Shoals:4 | 46145 ||| INVOKING Finesse.
 46199 | Shoals:4 | Got a barnacled rune of Zot
 46208 | Shoals:4 | 46208 ||| Stepping ~*~*~tactically~*~*~ (hiding).
 46210 | Shoals:4 | 46210 ||| Stepping ~*~*~tactically~*~*~ (hiding).
 46216 | Shoals:4 | Received a gift from Okawaru
 46263 | Shoals:4 | 46263 ||| Stepping ~*~*~tactically~*~*~ (stealth).
 46310 | Shoals:4 | 46310 ||| INVOKING Heroism.
 46342 | Shoals:4 | Identified the +1 halberd "Gawem" {venom, rCorr Str-2
                  | Int+2}
 46499 | Shoals:4 | Received a gift from Okawaru
 46519 | Shoals:4 | 46519 ||| INVOKING Heroism.
 46522 | Shoals:4 | 46522 ||| Stepping ~*~*~tactically~*~*~ (hiding).
 46523 | Shoals:4 | 46523 ||| Stepping ~*~*~tactically~*~*~ (hiding).
 46629 | Shoals:4 | 46629 ||| Stepping ~*~*~tactically~*~*~ (hiding).
 46630 | Shoals:4 | 46630 ||| Stepping ~*~*~tactically~*~*~ (hiding).
 46631 | Shoals:4 | 46631 ||| Stepping ~*~*~tactically~*~*~ (hiding).
 47047 | Shoals:4 | 47047 ||| PLANNING DEPTHS
 47290 | Depths:1 | Entered Level 1 of the Depths
 47290 | Depths:1 | Found Azen's Book Emporium.
 47297 | Depths:1 | 47297 ||| STAIRDANCE
 47392 | Depths:1 | 47392 ||| Stepping ~*~*~tactically~*~*~ (stealth).
 47416 | Depths:1 | Found a one-way gateway to a ziggurat.
 47460 | Depths:1 | Found a one-way gate leading to the halls of Pandemonium.
 47463 | Depths:1 | Found Zarud's Magic Scroll Boutique.
 47471 | Depths:1 | 47471 ||| BUYING scroll of teleportation (66 gold).
 47471 | Depths:1 | Bought a scroll of teleportation for 66 gold pieces
 47486 | Depths:1 | Found Yptel's General Store.
 47503 | Depths:1 | 47503 ||| BUYING +0 tower shield of Quluteix {rCorr Dex-3
                  | SInv} (315 gold).
 47503 | Depths:1 | Bought the +0 tower shield of Quluteix {rCorr Dex-3 SInv}
                  | for 315 gold pieces
 47503 | Depths:1 | 47503 ||| BUYING +2 chain mail of Axzoihak {Fly rCorr Dex+2
                  | Slay-5} (304 gold).
 47503 | Depths:1 | Bought the +2 chain mail of Axzoihak {Fly rCorr Dex+2
                  | Slay-5} for 304 gold pieces
 47503 | Depths:1 | 47503 ||| SHOPLISTING potion of resistance (210 gold, have
                  | 124).
 47504 | Depths:1 | 47504 ||| INVOKING Heroism.
 47554 | Depths:1 | 47554 ||| INVOKING Heroism.
 47856 | Depths:1 | 47856 ||| INVOKING Heroism.
 47886 | Depths:1 | Found Pixovy's Antique Weapon Emporium.
 47966 | Depths:1 | Found a gateway to Hell.
 48083 | Depths:1 | Found an opulent altar of Gozag.
 48202 | Depths:1 | 48202 ||| DROPPING +0 acid dragon scales.
 48229 | Depths:2 | 48229 ||| STAIRDANCE
 48313 | Depths:2 | Reached XP level 22. HP: 123/152 MP: 29/29
 48315 | Depths:2 | 48315 ||| INVOKING Heroism.
 48383 | Depths:2 | 48383 ||| STAIRDANCE
 48501 | Depths:2 | Received a gift from Okawaru
 48517 | Depths:2 | 48517 ||| INVOKING Heroism.
 48522 | Depths:2 | Reached skill level 21 in Shields
 48652 | Depths:2 | 48652 ||| Stepping ~*~*~tactically~*~*~ (hiding).
 48694 | Depths:2 | 48694 ||| Stepping ~*~*~tactically~*~*~ (hiding).
 48817 | Depths:2 | Found Zuxoot's Weapon Shoppe.
 48818 | Depths:2 | 48818 ||| Stepping ~*~*~tactically~*~*~ (hiding).
 48820 | Depths:2 | 48820 ||| Stepping ~*~*~tactically~*~*~ (hiding).
 48825 | Depths:2 | 48825 ||| DRINKING 13 potions of curing.
 48825 | Depths:2 | 48825 ||| (to cure confusion)
 48827 | Depths:2 | 48827 ||| DRINKING 12 potions of curing.
 48827 | Depths:2 | 48827 ||| (to cure confusion)
 48838 | Depths:2 | Noticed a golden dragon
 48838 | Depths:2 | 48838 ||| INVOKING Heroism.
 48845 | Depths:2 | Killed a golden dragon
 48859 | Depths:2 | Received a gift from Okawaru
 48904 | Depths:2 | Found Cifobb's Antique Weapon Emporium.
 48930 | Depths:2 | 48930 ||| INVOKING Heroism.
 48975 | Depths:2 | 48975 ||| INVOKING Heroism.
 48978 | Depths:2 | Received a gift from Okawaru
 48984 | Depths:2 | HP: 36/153 [spriggan berserker/+0 rapier (19)]
 48985 | Depths:2 | 48985 ||| READING 13 scrolls of teleportation.
 48991 | Depths:2 | 48991 ||| READING 12 scrolls of teleportation.
 48999 | Depths:2 | Gained mutation: Your magical capacity is low. (-10% MP) [a
                  | cacodemon]
 49034 | Depths:2 | 49034 ||| INVOKING Heroism.
 49043 | Depths:2 | Reached skill level 21 in Fighting
 49387 | Abyss:3  | Cast into level 3 of the Abyss (a wizard)
 49392 | Abyss:3  | Found a corrupted altar of Lugonu.
 49403 | Abyss:3  | 49403 ||| Stepping ~*~*~tactically~*~*~ (stealth).
 49423 | Abyss:4  | 49423 ||| Stepping ~*~*~tactically~*~*~ (stealth).
 49424 | Abyss:4  | 49424 ||| Stepping ~*~*~tactically~*~*~ (stealth).
 49454 | Abyss:4  | 49454 ||| Stepping ~*~*~tactically~*~*~ (stealth).
 49467 | Abyss:4  | 49467 ||| Stepping ~*~*~tactically~*~*~ (stealth).
 49483 | Abyss:4  | 49483 ||| Stepping ~*~*~tactically~*~*~ (stealth).
 49520 | Abyss:4  | 49520 ||| Stepping ~*~*~tactically~*~*~ (stealth).
 49538 | Abyss:4  | 49538 ||| Stepping ~*~*~tactically~*~*~ (stealth).
 49548 | Abyss:4  | 49548 ||| Stepping ~*~*~tactically~*~*~ (stealth).
 49549 | Abyss:4  | 49549 ||| Stepping ~*~*~tactically~*~*~ (hiding).
 49557 | Abyss:4  | Received a gift from Okawaru
 49579 | Abyss:4  | 49579 ||| INVOKING Heroism.
 49585 | Abyss:4  | 49585 ||| Stepping ~*~*~tactically~*~*~ (hiding).
 49586 | Abyss:4  | 49586 ||| Stepping ~*~*~tactically~*~*~ (hiding).
 49601 | Abyss:4  | 49601 ||| INVOKING Heroism.
 49609 | Abyss:4  | 49609 ||| Stepping ~*~*~tactically~*~*~ (stealth).
 49615 | Abyss:4  | 49615 ||| Stepping ~*~*~tactically~*~*~ (stealth).
 49676 | Depths:2 | Escaped the Abyss
 49683 | Depths:2 | 49683 ||| FLEEEEING.
 49684 | Depths:2 | 49684 ||| FLEEEEING.
 49685 | Depths:2 | 49685 ||| FLEEEEING.
 49686 | Depths:2 | 49686 ||| FLEEEEING.
 49687 | Depths:2 | 49687 ||| FLEEEEING.
 49688 | Depths:2 | 49688 ||| FLEEEEING.
 49689 | Depths:2 | 49689 ||| STAIRDANCE
 49812 | Depths:2 | Found Naquych's Gadget Gallery.
 49954 | Depths:2 | 49954 ||| Stepping ~*~*~tactically~*~*~ (hiding).
 49959 | Depths:2 | 49959 ||| Stepping ~*~*~tactically~*~*~ (hiding).
 49960 | Depths:2 | 49960 ||| Stepping ~*~*~tactically~*~*~ (hiding).
 49979 | Depths:2 | 49979 ||| Stepping ~*~*~tactically~*~*~ (stealth).
 50017 | Depths:2 | 50017 ||| FLEEEEING.
 50089 | Depths:2 | 50089 ||| INVOKING Heroism.
 50105 | Depths:2 | Reached skill level 18 in Armour
 50358 | Depths:2 | Noticed a golden dragon
 50359 | Depths:2 | 50359 ||| Stepping ~*~*~tactically~*~*~ (hiding).
 50363 | Depths:2 | 50363 ||| INVOKING Heroism.
 50373 | Depths:2 | Killed a golden dragon
 50373 | Depths:2 | Received a gift from Okawaru
 50466 | Abyss:4  | Cast into level 4 of the Abyss (a wizard)
 50479 | Depths:3 | Escaped the Abyss
 50504 | Depths:3 | 50504 ||| INVOKING Heroism.
 50715 | Depths:3 | 50715 ||| Stepping ~*~*~tactically~*~*~ (hiding).
 50716 | Depths:3 | 50716 ||| Stepping ~*~*~tactically~*~*~ (hiding).
 50717 | Depths:3 | 50717 ||| Stepping ~*~*~tactically~*~*~ (hiding).
 50721 | Depths:3 | 50721 ||| INVOKING Heroism.
 50730 | Depths:3 | Noticed a juggernaut
 50734 | Depths:3 | Received a gift from Okawaru
 50735 | Depths:3 | 50735 ||| INVOKING Finesse.
 50758 | Depths:3 | Killed a juggernaut
 50759 | Depths:3 | Reached skill level 12 in Throwing
 50759 | Depths:3 | 50759 ||| Stepping ~*~*~tactically~*~*~ (hiding).
 50760 | Depths:3 | 50760 ||| Stepping ~*~*~tactically~*~*~ (hiding).
 50769 | Depths:3 | Received a gift from Okawaru
 50788 | Depths:3 | 50788 ||| Stepping ~*~*~tactically~*~*~ (stealth).
 50797 | Depths:3 | 50797 ||| INVOKING Heroism.
 50990 | Depths:3 | Identified the +0 great sword of Prudence {drain, Dex+3
                  | Stlth+}
 51029 | Depths:3 | 51029 ||| Stepping ~*~*~tactically~*~*~ (stealth).
 51030 | Depths:3 | 51030 ||| Stepping ~*~*~tactically~*~*~ (stealth).
 51058 | Depths:3 | 51058 ||| Stepping ~*~*~tactically~*~*~ (stealth).
 51183 | Depths:3 | Paralysed by a sphinx for 3 turns
 51187 | Depths:3 | 51187 ||| INVOKING Heroism.
 51199 | Depths:3 | 51199 ||| Stepping ~*~*~tactically~*~*~ (hiding).
 51200 | Depths:3 | 51200 ||| Stepping ~*~*~tactically~*~*~ (hiding).
 51201 | Depths:3 | 51201 ||| Stepping ~*~*~tactically~*~*~ (hiding).
 51217 | Depths:3 | 51217 ||| Stepping ~*~*~tactically~*~*~ (hiding).
 51238 | Depths:3 | 51238 ||| FLEEEEING.
 51240 | Depths:3 | 51240 ||| FLEEEEING.
 51247 | Depths:3 | 51247 ||| FLEEEEING.
 51248 | Depths:3 | 51248 ||| FLEEEEING.
 51249 | Depths:3 | 51249 ||| FLEEEEING.
 51250 | Depths:3 | 51250 ||| FLEEEEING.
 51251 | Depths:3 | 51251 ||| FLEEEEING.
 51252 | Depths:3 | 51252 ||| FLEEEEING.
 51253 | Depths:3 | 51253 ||| FLEEEEING.
 51254 | Depths:3 | 51254 ||| FLEEEEING.
 51255 | Depths:3 | 51255 ||| FLEEEEING.
 51256 | Depths:3 | 51256 ||| FLEEEEING.
 51257 | Depths:3 | 51257 ||| STAIRDANCE
 51400 | Depths:2 | 51400 ||| DROPPING +1 pair of gloves.
 51403 | Depths:3 | 51403 ||| INVOKING Heroism.
 51419 | Depths:3 | Reached XP level 23. HP: 75/157 MP: 27/27
 51419 | Depths:3 | 51419 ||| FLEEEEING.
 51421 | Depths:3 | 51421 ||| STAIRDANCE
 51598 | Depths:3 | 51598 ||| INVOKING Heroism.
 51608 | Depths:3 | Reached skill level 22 in Fighting
 51630 | Depths:3 | Identified the +2 ring mail of Parts Unknown {rCorr SInv}
 51647 | Depths:3 | 51647 ||| Stepping ~*~*~tactically~*~*~ (stealth).
 51655 | Depths:3 | 51655 ||| INVOKING Finesse.
 51663 | Depths:3 | 51663 ||| Stepping ~*~*~tactically~*~*~ (hiding).
 51664 | Depths:3 | 51664 ||| Stepping ~*~*~tactically~*~*~ (hiding).
 51665 | Depths:3 | 51665 ||| Stepping ~*~*~tactically~*~*~ (hiding).
 51786 | Depths:3 | 51786 ||| INVOKING Heroism.
 51819 | Depths:3 | 51819 ||| FLEEEEING.
 51820 | Depths:3 | 51820 ||| FLEEEEING.
 51821 | Depths:3 | 51821 ||| FLEEEEING.
 51822 | Depths:3 | 51822 ||| FLEEEEING.
 51823 | Depths:3 | 51823 ||| FLEEEEING.
 52056 | Depths:3 | 52056 ||| INVOKING Heroism.
 52497 | Depths:4 | Entered Level 4 of the Depths
 52502 | Depths:4 | 52502 ||| Stepping ~*~*~tactically~*~*~ (stealth).
 52504 | Depths:4 | 52504 ||| Stepping ~*~*~tactically~*~*~ (hiding).
 52515 | Depths:4 | 52515 ||| INVOKING Heroism.
 52579 | Depths:4 | 52579 ||| Stepping ~*~*~tactically~*~*~ (stealth).
 52592 | Depths:4 | 52592 ||| Stepping ~*~*~tactically~*~*~ (stealth).
 52616 | Depths:4 | 52616 ||| Stepping ~*~*~tactically~*~*~ (stealth).
 52617 | Depths:4 | 52617 ||| FLEEEEING.
 52618 | Depths:4 | 52618 ||| FLEEEEING.
 52620 | Depths:4 | 52620 ||| Stepping ~*~*~tactically~*~*~ (stealth).
 52623 | Depths:4 | 52623 ||| Stepping ~*~*~tactically~*~*~ (stealth).
 52624 | Depths:4 | 52624 ||| Stepping ~*~*~tactically~*~*~ (stealth).
 52625 | Depths:4 | 52625 ||| Stepping ~*~*~tactically~*~*~ (stealth).
 52626 | Depths:4 | 52626 ||| Stepping ~*~*~tactically~*~*~ (stealth).
 52641 | Depths:4 | 52641 ||| Stepping ~*~*~tactically~*~*~ (stealth).
 52642 | Depths:4 | 52642 ||| Stepping ~*~*~tactically~*~*~ (stealth).
 52643 | Depths:4 | 52643 ||| INVOKING Heroism.
 52681 | Depths:4 | 52681 ||| Stepping ~*~*~tactically~*~*~ (stealth).
 52682 | Depths:4 | 52682 ||| Stepping ~*~*~tactically~*~*~ (stealth).
 52683 | Depths:4 | 52683 ||| Stepping ~*~*~tactically~*~*~ (stealth).
 52684 | Depths:4 | 52684 ||| Stepping ~*~*~tactically~*~*~ (stealth).
 52690 | Depths:4 | 52690 ||| Stepping ~*~*~tactically~*~*~ (hiding).
 52721 | Depths:4 | 52721 ||| INVOKING Heroism.
 52853 | Depths:4 | Found Hoojoss's Weapon Emporium.
 52956 | Depths:4 | Noticed a caustic shrike
 52957 | Depths:4 | 52957 ||| INVOKING Heroism.
 52971 | Depths:4 | Noticed a caustic shrike
 52972 | Depths:4 | Killed a caustic shrike
 52972 | Depths:4 | Noticed a caustic shrike
 52973 | Depths:4 | Noticed a caustic shrike
 52974 | Depths:4 | Noticed a caustic shrike
 52983 | Depths:4 | HP: 40/162 [caustic shrike (8)]
 52984 | Depths:4 | 52984 ||| READING 12 scrolls of teleportation.
 52985 | Depths:4 | 52985 ||| DRINKING potion of heal wounds.
 52987 | Depths:4 | HP: 13/162 [acid (10)]
 52988 | Depths:4 | Splashed by a caustic shrike's acid

Levels and vault maps discovered:
D:1:      scummos_arrival_simple_fountains, layout_basic, serial_forest,
          infiniplex_forest_lined_corner, infiniplex_forest_end_double,
          infiniplex_forest_straight_2, infiniplex_forest_clump_double,
          infiniplex_forest_clump_double, hangedman_decor_push
D:2:      minmay_alternating_diamond, layout_rooms
D:3:      layout_loops_ring
D:4:      layout_loops_cross, minmay_bent
D:5:      layout_loops_ring, nicolae_elyvilon_temple_path
D:6:      layout_basic, tgw_xom, uniq_blork_the_orc
D:7:      layout_cave_pods, fedhas_altar_4, minmay_temple_entry_drinking_statues
D:8:      layout_layer_cave, lemuel_zombie_altar_yredelemnul, serial_shops,
          shop, nicolae_shop_tiny_glass, nicolae_shop_hallway_stairs,
          nicolae_shop_advertising_works [nicolae_subvault_shop_adworks],
          nicolae_shop_rolling_square, minivault_14, supply_closet_lemuel,
          kennysheep_kite_vault
D:9:      layout_stronghold, mainiacjoe_overflow_alcove_2, lair_entry_dummy,
          nicolae_eternal_life
D:10:     nicolae_moon_pools, layout_loops_ring, grunt_temple_overflow_diamond,
          corexii_checkpoint_a, uniq_grum
D:11:     minmay_bloctagon, layout_irregular_city, serial_shops, shop
D:12:     minmay_octagon_keep, layout_basic
D:13:     layout_basic, small_chamber_with_monster
D:14:     layout_roguey, skrybe_vaults_entry_preservation
D:15:     grunt_enter_depths_snipers, layout_long_grid
Temple:   nicolae_temple_superstar
Lair:1:   layout_cave_pods
Lair:2:   layout_regular_city, nicolae_shoals_entry_roost,
          minmay_snake_entry_guardpost_medium,
          gammafunk_ghost_wrathful_warriors, hangedman_tree_tricks,
          infiniplex_staircase_pool
Lair:3:   layout_cave_shapes, infiniplex_staircase_pool_2, serial_bayou_shore_b,
          uniq_rupert
Lair:4:   layout_cave_pods
Lair:5:   evilmike_catoblepas_cave, layout_loops_ring, dpeg_slime_entry_enclosed
Shoals:1: layout_shoals
Shoals:2: layout_shoals, nicolae_shoals_undead_eyrie, uniq_louise
Shoals:3: layout_shoals, serial_shops, shop, nicolae_shoals_abyss_on_the_beach,
          uniq_ilsuiw, uniq_polyphemus, uniq_bai_suzhen
Shoals:4: shoals_end_hellmonk_lost_city
Snake:1:  layout_rooms, basic_altar
Snake:2:  layout_rooms, serial_bayou_shore_a
Snake:3:  layout_misc_corridors, hellmonk_ghost_happy_afterlife, drop_trap
Snake:4:  minmay_snake_end_coiled, layout_misc_corridors, serial_shops, shop,
          uniq_vashnia, uniq_aizul
Orc:1:    layout_diamond_mine, portal_ice_cave_demonic_guard
Orc:2:    st_orc_pillars, layout_caves, uniq_erolcha
Vaults:1: vaults_dpeg_encased_lava, nicolae_vaults_bisected_exclaves,
          nicolae_vaults_shrinking_rooms_2, nicolae_vaults_spaceships,
          v_misc_10, st_cross, nicolae_vaults_little_squares_1,
          nicolae_vaults_stairing_the_circle, hangedman_vaults_maws,
          nicolae_vaults_trapezoid_lopsided_3, ontoclasm_vaults_ligature,
          nicolae_vaults_tetromino_L_2, nicolae_vaults_two_Ls,
          layout_vaults_ring, enter_trove_5, uniq_zenata, uniq_asterion
Vaults:2: v_alt_pattern_1, nicolae_vaults_surprise_closet,
          nicolae_vaults_disjoint_gnomons, nicolae_vaults_little_squares_4,
          hangedman_vaults_snaps, minmay_crypt_entry_simple_plaza, v_misc_32,
          v_rooms_5, nicolae_vaults_tetromino_L_2, vaults_dpeg_ring,
          nicolae_vaults_heart-shaped_vault, layout_vaults_chaotic_city
Vaults:3: ontoclasm_vaults_bender, v_alt_pattern_5, vaults_room_mumra_shop_pool,
          nicolae_vaults_windows_and_doors_thing, vaults_mumra_minichess,
          v_misc_1, v_misc_25, nicolae_vaults_network_square,
          nicolae_vaults_more_shelving_2, vaults_mumra_lcd, v_misc_24,
          nicolae_vaults_shipping_containers_3, v_misc_25, layout_vaults_maze,
          serial_shops, nicolae_shop_stone
Vaults:4: hangedman_vaults_capsules, nicolae_vaults_closet_pinwheel_3,
          nicolae_vaults_diamond_2, nicolae_vaults_trapezoid_lopsided_1,
          nicolae_vaults_trapezoid_lopsided_3,
          nicolae_vaults_diagonal_hallway_7, vaults_room_ringed_pool,
          nicolae_vaults_tetromino_L_1, nicolae_vaults_tetromino_L_1,
          nicolae_vaults_lightning_bolt, nicolae_vaults_tetromino_T_2,
          vaults_room_stairs_pillars, nicolae_vaults_what_the_h,
          vaults_room_pools, layout_vaults_omnicross
Depths:1: layout_cave_pools, enter_ziggurat_a, serial_shops, shop,
          nicolae_shop_gibbet_a_chance, shop, shop, pf_hell_entry_tar_spiral,
          pan_entry, nrook_mini_backslash, grunt_gozag_statues
Depths:2: evilmike_marble_ring, layout_twisted_cross, minmay_misc_feat_iff,
          grunt_pan_entry_in_and_out, hell_entry, nicolae_shop_gadgets,
          minmay_shoptagon
Depths:3: hangedman_arch_fort, layout_cave_pools, grunt_hell_entry_dis_mu,
          serial_bayou_pond_c, abyss_entry, minivault_16
Depths:4: grunt_zot_entry_tricorne, layout_gridville, serial_shops,
          nicolae_shop_scrapyard, nemelex_xobeh_ov_fountains_minmay, hell_entry,
          nicolae_hepliaklqana_monster_ancestors, grunt_megastairs_5

Skill      XL: |  1  2  3  4  5  6  7  8  9 10 11 12 13 14 15 16 17 18 19 20 21 22 23 |
---------------+----------------------------------------------------------------------+-----
Axes           | 2 3 4 5 6 7 8 10 11 12 14 15 17 18 | 18.0
Fighting       | 4 5 6 8 9 10 11 12 13 14 15 17 19 20 21 22 | 22.0
Armour         | 4 5 6 7 8 9 10 11 13 14 15 17 18 | 18.5
Dodging        | 1 2 3 4 5 6 7 |  7.0
Throwing       | 1 5 6 9 10 11 12 | 12.1
Shields        | 4 8 12 14 16 17 18 19 20 21 | 21.3
Invocations    | 4 6 10 | 10.0

Action                     |  1- 3 |  4- 6 |  7- 9 | 10-12 | 13-15 | 16-18 | 19-21 | 22-24 || total
---------------------------+-------+-------+-------+-------+-------+-------+-------+-------++-------
  Melee: War axe           |    93 |   165 |   346 |   695 |   433 |       |       |       ||  1732
         Morningstar       |       |       |       |     9 |    20 |       |       |       ||    29
         Broad axe         |       |       |       |       |   890 |  1958 |  1589 |   716 ||  5153
  Throw: Boomerang         |       |    45 |    71 |    49 |       |    91 |    62 |    16 ||   334
         Javelin           |       |       |       |       |    15 |    63 |   226 |    43 ||   347
 Invoke: Heroism           |       |       |       |    15 |    24 |    65 |    28 |    22 ||   154
         Finesse           |       |       |       |       |    11 |       |     4 |     2 ||    17
    Use: Scroll            |     3 |     5 |     5 |     6 |     9 |    15 |     4 |     3 ||    50
         Potion            |       |     1 |     3 |     7 |     1 |     7 |       |     3 ||    22
   Stab: Distracted        |       |       |       |     1 |     1 |       |       |     1 ||     3
 Armour: Scale mail        |    69 |    23 |       |       |       |       |       |       ||    92
         Plate armour      |       |    94 |    24 |       |       |       |       |       ||   118
         Chain mail        |       |       |   211 |   582 |   762 |   776 |   683 |   300 ||  3314
         Skin              |       |       |       |       |       |    15 |       |       ||    15
  Dodge: Dodged            |    51 |    44 |   137 |   275 |   366 |   438 |   429 |   306 ||  2046
  Block: Buckler           |    27 |    23 |    61 |    17 |       |       |       |       ||   128
         Tower shield      |       |       |       |   691 |  1176 |  1774 |  1267 |   626 ||  5534

Table legend:
 A = Non-vault XP
 B = Vault XP
 C = Vault XP percentage of total XP
 D = Non-vault monster count
 E = Vault monster count
 F = Vault count percentage of total count
                 A         B        C        D         E       F
            +---------+---------+-------+---------+---------+-------
      Total |  478792 |  254818 |  34.7 |    1125 |     447 |  28.4
            +---------+---------+-------+---------+---------+-------
        D:1 |      20 |       0 |   0.0 |      13 |       0 |   0.0
        D:2 |      56 |      29 |  34.1 |      18 |       4 |  18.2
        D:3 |     147 |       0 |   0.0 |      24 |       0 |   0.0
        D:4 |     375 |     257 |  40.7 |      25 |       8 |  24.2
        D:5 |     540 |       0 |   0.0 |      14 |       0 |   0.0
        D:6 |     912 |     294 |  24.4 |      10 |       7 |  41.2
        D:7 |     666 |       0 |   0.0 |      10 |       0 |   0.0
        D:8 |    1898 |    2637 |  58.1 |      23 |      18 |  43.9
        D:9 |    2474 |       0 |   0.0 |      24 |       0 |   0.0
       D:10 |    2114 |     529 |  20.0 |      24 |       6 |  20.0
       D:11 |    1751 |    5851 |  77.0 |      12 |      16 |  57.1
       D:12 |    5232 |    3641 |  41.0 |      22 |      13 |  37.1
       D:13 |    8077 |    1090 |  11.9 |      29 |       1 |   3.3
       D:14 |    5185 |    4803 |  48.1 |      12 |       9 |  42.9
       D:15 |   28823 |    2700 |   8.6 |      51 |       3 |   5.6
     Lair:1 |    2838 |       0 |   0.0 |      13 |       0 |   0.0
     Lair:2 |    8439 |    3608 |  29.9 |      27 |       9 |  25.0
     Lair:3 |    6778 |       0 |   0.0 |      27 |       0 |   0.0
     Lair:4 |   12760 |       0 |   0.0 |      37 |       0 |   0.0
     Lair:5 |   23814 |    9439 |  28.4 |      62 |      22 |  26.2
   Shoals:1 |    7749 |       0 |   0.0 |      21 |       0 |   0.0
   Shoals:2 |   10235 |    2734 |  21.1 |      24 |       7 |  22.6
   Shoals:3 |   20555 |   11548 |  36.0 |      40 |      12 |  23.1
   Shoals:4 |    6636 |   27918 |  80.8 |      18 |      42 |  70.0
    Snake:1 |    9609 |       0 |   0.0 |      15 |       0 |   0.0
    Snake:2 |   13597 |       0 |   0.0 |      34 |       0 |   0.0
    Snake:3 |   12858 |       0 |   0.0 |      26 |       0 |   0.0
    Snake:4 |   22848 |   21422 |  48.4 |      50 |      32 |  39.0
      Orc:1 |    2692 |     681 |  20.2 |      28 |       2 |   6.7
      Orc:2 |    2275 |   12200 |  84.3 |      20 |      65 |  76.5
   Vaults:1 |   23468 |   35813 |  60.4 |      43 |      44 |  50.6
   Vaults:2 |   40363 |   22013 |  35.3 |      58 |      29 |  33.3
   Vaults:3 |   28741 |   26466 |  47.9 |      39 |      35 |  47.3
   Vaults:4 |   38071 |    4576 |  10.7 |      59 |       7 |  10.6
   Depths:1 |   20850 |       0 |   0.0 |      31 |       0 |   0.0
   Depths:2 |   31238 |   27328 |  46.7 |      38 |      32 |  45.7
   Depths:3 |   20177 |   25394 |  55.7 |      22 |      20 |  47.6
   Depths:4 |   18020 |       0 |   0.0 |      18 |       0 |   0.0
    Abyss:3 |   17323 |    1847 |   9.6 |      31 |       4 |  11.4
    Abyss:4 |   18588 |       0 |   0.0 |      33 |       0 |   0.0
            +---------+---------+-------+---------+---------+-------
